Workbook

Sheet Índice
A2: Índice
A4: CUADROS RESUMEN
A6: ATR-R1 | B6: Accidentes de trabajo
A8: ACCIDENTES DE TRABAJO CON BAJA, EN JORNADA E IN ITINERE, SEGÚN GRAVEDAD. ÍNDICES DE INCIDENCIA
A10: ATR-R1 | B10: Accidetes de trabajo con baja
A11: ATR-A2.2 | B11: Accidentes en jornada de trabajo: Por sector, sección y división de actividad económica. Total
A12: ATR-I2.1 | B12: Índices de Incidencia por por sector y sección de actividad económica. Total
A13: ATR-A2.2 | B13: Accidentes en jornada de trabajo: Por sector, sección y división de actividad económica. Trabajadores por cuenta propia
A14: ATR-I2.2 | B14: Índices de Incidencia por por sector y sección de actividad económica. Asalariados
A15: ATR-A2.3 | B15: Accidentes en jornada de trabajo: Por sector, sección y división de actividad económica. Asalariados
A16: ATR-I2.3 | B16: Índices de Incidencia por por sector y sección de actividad económica. Trabajadores por cuenta propia
A17: ATR-A2_II | B17: Accidentes In Intinere: Por sector, sección y división de actividad económica
A18: ATR-A3 | B18: Accidentes en jornada de trabajo: Por sexo y edad del trabajador accidentado
A19: ATR-A3_II | B19: Accidentes In Intinere: Por sexo y edad del trabajador accidentado
A20: ATR-A4 | B20: Accidentes en jornada de trabajo: Por grandes grupos de ocupación
A21: ATR-A4_II | B21: Accidentes In Intinere: Por grandes grupos de ocupación
... A39: ATR-A13_II | B39: Accidentes In Intinere según relación laboral del accidentado
A41: ANEXOS
A43: TAS | B43: Clasificación contenida en Orden TAS/2926/2002, de 19 de noviembre
A44: CNO11 | B44: Clasifiocación Nacional de Ocupaciones
A45: FUENTES Y NOTAS EXPLICATIVAS
A47: ATR-FN | B47: Fuentes y notas explicativas

Sheet ATR-R1
A1: ACCIDENTES DE TRABAJO
A3: ATR-A1. ACCIDENTES DE TRABAJO CON BAJA | G3: Volver al índice
A6: enero-agosto 2026
C7: VALORES ABSOLUTOS | E7: VARIACIONES SOBRE IGUAL PERIODO AÑO ANTERIOR
C8: 2025 | D8: 2026 | E8: Absolutas | F8: Relativas en %
A9: ACCIDENTES QUE HAN CAUSADO BAJA EN EL PERIODO DE REFERENCIA (1)
A10: Total | C10: =SUM(C11:C12) -> 3173 | D10: =SUM(D11:D12) -> 3201 | E10: =D10-C10 -> 28 | F10: =((D10/C10)-1) -> 0.0088244564
B11: En jornada de trabajo | C11: 2852 | D11: ='ATR-A2.1'!F9 -> 2923 | E11: =D11-C11 -> 71 | F11: =((D11/C11)-1) -> 0.024894811
B12: In itinere | C12: 321 | D12: ='ATR-A2_II'!F9 -> 278 | E12: =D12-C12 -> -43 | F12: =((D12/C12)-1) -> -0.13395639
B14: Asalariados | C14: 2683 | D14: ='ATR-A2.2'!F9 -> 2765 | E14: =D14-C14 -> 82 | F14: =((D14/C14)-1) -> 0.030562803
B15: Trabajadores por cuenta propia | C15: 169 | D15: =D11-D14 -> 158 | E15: =D15-C15 -> -11 | F15: =((D15/C15)-1) -> -0.065088757
A17: ACCIDENTES EN JORNADA DE TRABAJO
A18: Gravedad
B19: Leves | C19: 2814 | D19: ='ATR-A2.1'!C9 -> 2890 | E19: =D19-C19 -> 76 | F19: =((D19/C19)-1) -> 0.027007818
B20: Graves | C20: 33 | D20: ='ATR-A2.1'!D9 -> 30 | E20: =D20-C20 -> -3 | F20: =((D20/C20)-1) -> -0.090909091
B21: Mortales | C21: 5 | D21: ='ATR-A2.1'!E9 -> 3 | E21: =D21-C21 -> -2 | F21: =((D21/C21)-1) -> -0.4
A23: Sexo
B24: Varones | C24: 1968 | D24: ='ATR-A3'!E22 -> 2013 | E24: =D24-C24 -> 45 | F24: =((D24/C24)-1) -> 0.022865854
B25: Mujeres | C25: 884 | D25: ='ATR-A3'!E35 -> 910 | E25: =D25-C25 -> 26 | F25: =((D25/C25)-1) -> 0.029411765
A27: Forma o contacto que produjo la lesión
B28: Sobresfuerzo físico sobre el sistema musculoesquelético | C28: 920 | D28: 859 | E28: =D28-C28 -> -61 | F28: =((D28/C28)-1) -> -0.066304348
B29: Choque contra objeto inmóvil | C29: 712 | D29: 764 | E29: =D29-C29 -> 52 | F29: =((D29/C29)-1) -> 0.073033708
B30: Choque contra objetos en movimiento | C30: 550 | D30: 629 | E30: =D30-C30 -> 79 | F30: =((D30/C30)-1) -> 0.14363636
B31: Contacto con agente material cortante, punzante o duro | C31: 361 | D31: 349 | E31: =D31-C31 -> -12 | F31: =((D31/C31)-1) -> -0.033240997
B32: Otras causas | C32: 309 | D32: =D11-SUM(D28:D31) -> 322 | E32: =D32-C32 -> 13 | F32: =((D32/C32)-1) -> 0.042071197
A34: Sección de actividad
B35: A - Agricultura, ganadería, silvicultura y pesca | C35: 162 | D35: ='ATR-I2.1'!D18 -> 143 | E35: =D35-C35 -> -19 | F35: =((D35/C35)-1) -> -0.11728395
B36: B - Industrias extractivas | C36: 6 | D36: ='ATR-I2.1'!D19 -> 4 | E36: =D36-C36 -> -2 | F36: =((D36/C36)-1) -> -0.33333333
B37: C - Industria manufacturera | C37: 855 | D37: ='ATR-I2.1'!D20 -> 849 | E37: =D37-C37 -> -6 | F37: =((D37/C37)-1) -> -0.0070175439
B38: E - Suministro de agua, saneamiento, gestión residuos | C38: 49 | D38: ='ATR-I2.1'!D22 -> 47 | E38: =D38-C38 -> -2 | F38: =((D38/C38)-1) -> -0.040816327
B39: F - Construcción | C39: 408 | D39: ='ATR-I2.1'!D23 -> 412 | E39: =D39-C39 -> 4 | F39: =((D39/C39)-1) -> 0.0098039216
B40: G. Comercio al por mayor y al por menor; reparación de vehículos de motor | C40: 303 | D40: ='ATR-I2.1'!D24 -> 262 | E40: =D40-C40 -> -41 | F40: =((D40/C40)-1) -> -0.13531353
B41: H - Transporte y almacenamiento | C41: 145 | D41: ='ATR-I2.1'!D25 -> 159 | E41: =D41-C41 -> 14 | F41: =((D41/C41)-1) -> 0.096551724
B42: I - Hostelería | C42: 173 | D42: ='ATR-I2.1'!D26 -> 180 | E42: =D42-C42 -> 7 | F42: =((D42/C42)-1) -> 0.040462428
B43: N - Actividades administrativas y servicios auxiliares | C43: 257 | D43: ='ATR-I2.1'!D31 -> 281 | E43: =D43-C43 -> 24 | F43: =((D43/C43)-1) -> 0.093385214
B44: O - Administración Pública y defensa; Seguridad social obligatoria | C44: 107 | D44: ='ATR-I2.1'!D32 -> 114 | E44: =D44-C44 -> 7 | F44: =((D44/C44)-1) -> 0.065420561
B45: Q - Actividades sanitarias y de servicios sociales | C45: 259 | D45: ='ATR-I2.1'!D34 -> 234 | E45: =D45-C45 -> -25 | F45: =((D45/C45)-1) -> -0.096525097
B46: Resto de secciones de actividad (D, J, K, L, M, P, R, S, T, U) | C46: =C11-SUM(C35:C45) -> 128 | D46: =D11-SUM(D35:D45) -> 238 | E46: =D46-C46 -> 110 | F46: =((D46/C46)-1) -> 0.859375
A48: ÍNDICES DE INCIDENCIA DE ACCIDENTES EN JORNADA DE TRABAJO
A49: Sección de actividad
B50: Total | C50: 260.76811 | D50: ='ATR-I2.1'!I9 -> 263.27072 | E50: =D50-C50 -> 2.5026037 | F50: =((D50/C50)-1) -> 0.0095970465
B51: A. Agricultura, Ganadería, Caza y Silvicultura | C51: 283.06832 | D51: ='ATR-I2.1'!I18 -> 244.3609 | E51: =D51-C51 -> -38.707419 | F51: =((D51/C51)-1) -> -0.13674232
B52: B. Industrias Extractivas | C52: 664.45183 | D52: ='ATR-I2.1'!I19 -> 434.78261 | E52: =D52-C52 -> -229.66922 | F52: =((D52/C52)-1) -> -0.34565217
B53: C. Industria Manufacturera | C53: 427.71172 | D53: ='ATR-I2.1'!I20 -> 431.9116 | E53: =D53-C53 -> 4.1998858 | F53: =((D53/C53)-1) -> 0.0098194313
B54: D. Suministro de energía eléctrica, gas, vapor y aire acondicionado | C54: 514.4357 | D54: ='ATR-I2.1'!I21 -> 130.89005 | E54: =D54-C54 -> -383.54564 | F54: =((D54/C54)-1) -> -0.74556577
B55: E. Suministro de agua, actividades de sanea-miento, gestión de residuos y descontaminación | C55: 572.6798 | D55: ='ATR-I2.1'!I22 -> 485.53719 | E55: =D55-C55 -> -87.142615 | F55: =((D55/C55)-1) -> -0.15216638
B56: F. Construcción | C56: 192.51541 | D56: ='ATR-I2.1'!I23 -> 566.68134 | E56: =D56-C56 -> 374.16593 | F56: =((D56/C56)-1) -> 1.9435636
B57: G. Comercio al por mayor y al por menor; reparación de vehículos de motor | C57: 339.00683 | D57: ='ATR-I2.1'!I24 -> 182.71591 | E57: =D57-C57 -> -156.29092 | F57: =((D57/C57)-1) -> -0.46102586
B58: H. Transporte y almacenamiento | C58: 201.97067 | D58: ='ATR-I2.1'!I25 -> 358.36639 | E58: =D58-C58 -> 156.39572 | F58: =((D58/C58)-1) -> 0.77434864
B59: I. Hostelería | C59: 397.21179 | D59: ='ATR-I2.1'!I26 -> 204.56405 | E59: =D59-C59 -> -192.64774 | F59: =((D59/C59)-1) -> -0.48500005
B60: J. Información y comunicaciones | C60: 183.54919 | D60: ='ATR-I2.1'!I27 -> 32.865907 | E60: =D60-C60 -> -150.68328 | F60: =((D60/C60)-1) -> -0.82094224
B61: M. Activ. profesionales, científicas y técnicas | C61: 231.50424 | D61: ='ATR-I2.1'!I30 -> 35.741517 | E61: =D61-C61 -> -195.76272 | F61: =((D61/C61)-1) -> -0.84561182
B62: N. Activ. administrativas y servicios auxiliares | C62: 397 | D62: ='ATR-I2.1'!I31 -> 430.34795 | E62: =D62-C62 -> 33.347954 | F62: =((D62/C62)-1) -> 0.083999884
B63: O. Admón Pública y defensa; Seg. Social obligatoria | C63: 184 | D63: ='ATR-I2.1'!I32 -> 195.52689 | E63: =D63-C63 -> 11.526894 | F63: =((D63/C63)-1) -> 0.06264616
B64: P. Educación | C64: 30 | D64: ='ATR-I2.1'!I33 -> 38.404052 | E64: =D64-C64 -> 8.4040521 | F64: =((D64/C64)-1) -> 0.28013507
B65: Q. Actividades sanitarias y de servicios sociales | C65: 232 | D65: ='ATR-I2.1'!I34 -> 201.14152 | E65: =D65-C65 -> -30.858479 | F65: =((D65/C65)-1) -> -0.13301068
B66: R. Activ. artísticas, recreativas y de entretenimiento | C66: 267 | D66: ='ATR-I2.1'!I35 -> 404.0109 | E66: =D66-C66 -> 137.0109 | F66: =((D66/C66)-1) -> 0.51314945
B67: S. Otros servicios | C67: 70 | D67: ='ATR-I2.1'!I36 -> 186.90645 | E67: =D67-C67 -> 116.90645 | F67: =((D67/C67)-1) -> 1.6700921
B68: T. Activ. de hogares como empleadores de personal doméstico, como productores de bienes y como servicios para uso propio | C68: 37 | D68: ='ATR-I2.1'!I37 -> 59.62706 | E68: =D68-C68 -> 22.62706 | F68: =((D68/C68)-1) -> 0.61154216
A70: ACCIDENTES IN ITINERE
A71: Gravedad
B72: Leves | C72: 314 | D72: ='ATR-A2_II'!C9 -> 272 | E72: =D72-C72 -> -42 | F72: =((D72/C72)-1) -> -0.13375796
B73: Graves | C73: 6 | D73: ='ATR-A2_II'!D9 -> 6 | E73: =D73-C73 -> 0 | F73: =((D73/C73)-1) -> 0
B74: Mortales | C74: 1 | D74: ='ATR-A2_II'!E9 -> 0 | E74: =D74-C74 -> -1 | F74: =((D74/C74)-1) -> -1
A76: Sexo
B77: Varones | C77: 130 | D77: ='ATR-A3_II'!E21 -> 117 | E77: =D77-C77 -> -13 | F77: =((D77/C77)-1) -> -0.1
B78: Mujeres | C78: 191 | D78: ='ATR-A3_II'!E33 -> 161 | E78: =D78-C78 -> -30 | F78: =((D78/C78)-1) -> -0.15706806
A81: (1) Se incluyen los accidentes que han causado baja en el periodo de referencia y han sido recepcionados por la Autoridad Laboral Provincial.

Sheet ATR-A2.1
A1: ACCIDENTES DE TRABAJO | E1: Volver al índice
A3: ATR-A2. ACCIDENTES DE TRABAJO CON BAJA, EN JORNADA, SEGÚN GRAVEDAD,
A4: POR SECTOR, SECCIÓN Y DIVISIÓN DE ACTIVIDAD ECONÓMICA
A6: enero-agosto 2026
C8: Leves | D8: Graves | E8: Mortales | F8: TOTAL
B9: TOTAL | C9: =SUM(C12:C15) -> 2890 | D9: =SUM(D12:D15) -> 30 | E9: =SUM(E12:E15) -> 3 | F9: =SUM(F12:F15) -> 2923
B11: SECTOR
B12: Agrario | C12: =SUM(C18:C20) -> 139 | D12: =SUM(D18:D20) -> 4 | E12: =SUM(E18:E20) -> 0 | F12: =SUM(C12:E12) -> 143
B13: Industria | C13: =SUM(C21:C45) -> 892 | D13: =SUM(D21:D45) -> 10 | E13: =SUM(E21:E45) -> 0 | F13: =SUM(C13:E13) -> 902
B14: Construcción | C14: =SUM(C46:C48) -> 402 | D14: =SUM(D46:D48) -> 8 | E14: =SUM(E46:E48) -> 2 | F14: =SUM(C14:E14) -> 412
B15: Servicios | C15: =SUM(C49:C85) -> 1457 | D15: =SUM(D49:D85) -> 8 | E15: =SUM(E49:E85) -> 1 | F15: =SUM(C15:E15) -> 1466
B17: SECCIÓN Y DIVISIÓN
B18: 01 - Agricultura, ganadería, caza y servicios relacionados con las mismas | C18: 127 | D18: 4 | E18: 0 | F18: =SUM(C18:E18) -> 131
B19: 02 - Silvicultura y explotación forestal | C19: 8 | D19: 0 | E19: 0 | F19: =SUM(C19:E19) -> 8
B20: 03 - Pesca y acuicultura | C20: 4 | D20: 0 | E20: 0 | F20: =SUM(C20:E20) -> 4
B21: 08 - Otras industrias extractivas | C21: 4 | D21: 0 | E21: 0 | F21: =SUM(C21:E21) -> 4
B22: 10 - Industria de la alimentación | C22: 258 | D22: 2 | E22: 0 | F22: =SUM(C22:E22) -> 260
B23: 11 - Fabricación de bebidas | C23: 46 | D23: 0 | E23: 0 | F23: =SUM(C23:E23) -> 46
B24: 13 - Industria textil | C24: 9 | D24: 0 | E24: 0 | F24: =SUM(C24:E24) -> 9
B25: 14 - Confección de prendas de vestir | C25: 1 | D25: 0 | E25: 0 | F25: =SUM(C25:E25) -> 1
B26: 15 - Industria del cuero y del calzado | C26: 49 | D26: 0 | E26: 0 | F26: =SUM(C26:E26) -> 49
B27: 16 - Industria de la madera y del corcho, excepto muebles; cestería y espartería | C27: 44 | D27: 1 | E27: 0 | F27: =SUM(C27:E27) -> 45
B28: 17 - Industria del papel | C28: 21 | D28: 0 | E28: 0 | F28: =SUM(C28:E28) -> 21
B29: 18 - Artes gráficas y reproducción de soportes grabados | C29: 6 | D29: 0 | E29: 0 | F29: =SUM(C29:E29) -> 6
... B85: 97 - Actividades de los hogares como empleadores de personal doméstico | C85: 10 | D85: 1 | E85: 0 | F85: =SUM(C85:E85) -> 11
A87: Se incluyen los accidentes que han causado baja en el periodo de referencia, recepcionados por la Autoridad Laboral Provincial (véanse Fuentes y Notas Explicativas).

Sheet ATR-I2.1
A1: ACCIDENTES DE TRABAJO
A3: ATR-I2.1 ÍNDICES DE INCIDENCIA DE ACCIDENTES DE TRABAJO CON BAJA EN JORNADA
A4: POR SECTOR Y SECCIÓN DE ACTIVIDAD.TOTAL
A6: enero-agosto 2026
D7: ACCIDENTES EN JORNADA (1) | G7: AFILIADOS EN MEDIA MENSUAL (2) | I7: ÍNDICES DE INCIDENCIA MENSUAL (3)
D8: Total | E8: Mortales | I8: Total | J8: Mortales
B9: TOTAL | D9: =SUM(D12:D15) -> 2923 | E9: =SUM(E12:E15) -> 3 | G9: 138783 | I9: =(D9/G9)*100000/8 -> 263.27072 | J9: =(E9/G9)*100000/8 -> 0.27020601
B11: SECTOR
B12: Agrario | D12: =D18 -> 143 | E12: =E18 -> 0 | F12: =F18 -> 7315 | G12: 7315 | I12: =(D12/G12)*100000/8 -> 244.3609 | J12: =(E12/G12)*100000/8 -> 0
B13: Industria | D13: =SUM(D19:D22) -> 902 | E13: =SUM(E19:E22) -> 0 | F13: =SUM(F19:F23) -> 35175 | G13: 26087 | I13: =(D13/G13)*100000/8 -> 432.20761 | J13: =(E13/G13)*100000/8 -> 0
B14: Construcción | D14: =D23 -> 412 | E14: =E23 -> 2 | F14: =F24 -> 17924 | G14: 9088 | I14: =(D14/G14)*100000/8 -> 566.68134 | J14: =(E14/G14)*100000/8 -> 2.7508803
B15: Servicios | D15: =SUM(D24:D37) -> 1466 | E15: =SUM(E24:E37) -> 1 | F15: =SUM(F25:F35) -> 71288 | G15: 96472 | I15: =(D15/G15)*100000/8 -> 189.95149 | J15: =(E15/G15)*100000/8 -> 0.12957127
B17: SECCIÓN
B18: A. Agricultura, Ganadería, Caza y Silvicultura | D18: 143 | E18: 0 | F18: 7315 | G18: 7315 | H18: 257.6 | I18: =(D18/G18)*100000/8 -> 244.3609 | J18: =(E18/G18)*100000/8 -> 0
B19: B. Industrias Extractivas | D19: 4 | E19: 0 | F19: 115 | G19: 115 | H19: 350.1 | I19: =(D19/G19)*100000/8 -> 434.78261 | J19: =(E19/G19)*100000/8 -> 0
B20: C. Industria Manufacturera | D20: 849 | E20: 0 | F20: 24571 | G20: 24571 | I20: =(D20/G20)*100000/8 -> 431.9116 | J20: =(E20/G20)*100000/8 -> 0
B21: D. Suministro de energía eléctrica, gas, vapor y aire acondicionado | D21: 2 | E21: 0 | F21: 191 | G21: 191 | H21: 512.4 | I21: =(D21/G21)*100000/8 -> 130.89005 | J21: =(E21/G21)*100000/8 -> 0
B22: E. Suministro de agua, actividades de sanea-miento, gestión de residuos y descontaminación | D22: 47 | E22: 0 | F22: 1210 | G22: 1210 | H22: 524.2 | I22: =(D22/G22)*100000/8 -> 485.53719 | J22: =(E22/G22)*100000/8 -> 0
B23: F. Construcción | D23: 412 | E23: 2 | F23: 9088 | G23: 9088 | H23: 157.7 | I23: =(D23/G23)*100000/8 -> 566.68134 | J23: =(E23/G23)*100000/8 -> 2.7508803
B24: G. Comercio al por mayor y al por menor; reparación de vehículos de motor | D24: 262 | E24: 0 | F24: 17924 | G24: 17924 | H24: 237.4 | I24: =(D24/G24)*100000/8 -> 182.71591 | J24: =(E24/G24)*100000/8 -> 0
B25: H. Transporte y almacenamiento | D25: 159 | E25: 0 | F25: 5546 | G25: 5546 | H25: 172.8 | I25: =(D25/G25)*100000/8 -> 358.36639 | J25: =(E25/G25)*100000/8 -> 0
B26: I. Hostelería | D26: 180 | E26: 0 | F26: 10999 | G26: 10999 | I26: =(D26/G26)*100000/8 -> 204.56405 | J26: =(E26/G26)*100000/8 -> 0
B27: J. Información y comunicaciones | D27: 6 | E27: 0 | F27: 2282 | G27: 2282 | I27: =(D27/G27)*100000/8 -> 32.865907 | J27: =(E27/G27)*100000/8 -> 0
B28: K. Actividades financieras y de seguros | D28: 4 | E28: 0 | F28: 1854 | G28: 1854 | H28: 19.2 | I28: =(D28/G28)*100000/8 -> 26.968716 | J28: =(E28/G28)*100000/8 -> 0
B29: L. Actividades inmobiliarias | D29: 6 | E29: 0 | F29: 758 | G29: 758 | H29: 464.6 | I29: =(D29/G29)*100000/8 -> 98.944591 | J29: =(E29/G29)*100000/8 -> 0
B30: M. Activ. profesionales, científicas y técnicas | D30: 15 | E30: 0 | F30: 5246 | G30: 5246 | H30: 217.9 | I30: =(D30/G30)*100000/8 -> 35.741517 | J30: =(E30/G30)*100000/8 -> 0
B31: N. Activ. administrativas y servicios auxiliares | D31: 281 | E31: 1 | F31: 8162 | G31: 8162 | H31: 49.7 | I31: =(D31/G31)*100000/8 -> 430.34795 | J31: =(E31/G31)*100000/8 -> 1.5314874
B32: O. Admón Pública y defensa; Seg. Social obligatoria | D32: 114 | E32: 0 | F32: 7288 | G32: 7288 | H32: 258.6 | I32: =(D32/G32)*100000/8 -> 195.52689 | J32: =(E32/G32)*100000/8 -> 0
B33: P. Educación | D33: 37 | E33: 0 | F33: 12043 | G33: 12043 | H33: 335.1 | I33: =(D33/G33)*100000/8 -> 38.404052 | J33: =(E33/G33)*100000/8 -> 0
B34: Q. Actividades sanitarias y de servicios sociales | D34: 234 | E34: 0 | F34: 14542 | G34: 14542 | H34: 225.7 | I34: =(D34/G34)*100000/8 -> 201.14152 | J34: =(E34/G34)*100000/8 -> 0
B35: R. Activ. artísticas, recreativas y de entretenimiento | D35: 83 | E35: 0 | F35: 2568 | G35: 2568 | H35: 44.4 | I35: =(D35/G35)*100000/8 -> 404.0109 | J35: =(E35/G35)*100000/8 -> 0
B36: S. Otros servicios | D36: 74 | E36: 0 | F36: 4949 | G36: 4949 | I36: =(D36/G36)*100000/8 -> 186.90645 | J36: =(E36/G36)*100000/8 -> 0
B37: T. Activ. de hogares como empleadores de personal doméstico, como productores de bienes y como servicios para uso propio | D37: 11 | E37: 0 | F37: 2306 | G37: 2306 | I37: =(D37/G37)*100000/8 -> 59.62706 | J37: =(E37/G37)*100000/8 -> 0
A39: (2) Media del dato de afiliados a último día de mes que tienen cubiertas las contingencias profesionales (véanse Fuentes y Notas explicativas).
A40: (3) Indices calculados utilizando, en el numerador, la media mensual de los accidentes con baja en jornada de trabajo del período considerado, multiplicado por cien mil y, en el denominador, la media mensual de los afiliados a la Seguridad Social con la contingencia de accidente cubierta en dicho período. (Véanse Fuentes y Notas Explicativas).

Sheet ATR-A2.2
A1: ACCIDENTES DE TRABAJO | E1: Volver al índice
A3: ATR-A2. ACCIDENTES DE TRABAJO CON BAJA, EN JORNADA, SEGÚN GRAVEDAD,
A4: POR SECTOR, SECCIÓN Y DIVISIÓN DE ACTIVIDAD ECONÓMICA. ASALARIADOS.
A6: enero-agosto 2026
C8: Leves | D8: Graves | E8: Mortales | F8: TOTAL
B9: TOTAL | C9: =SUM(C12:C15) -> 2738 | D9: =SUM(D12:D15) -> 25 | E9: =SUM(E12:E15) -> 2 | F9: =SUM(F12:F15) -> 2765
B11: SECTOR
B12: Agrario | C12: =SUM(C18:C20) -> 106 | D12: =SUM(D18:D20) -> 3 | E12: =SUM(E18:E20) -> 0 | F12: =SUM(C12:E12) -> 109
B13: Industria | C13: =SUM(C21:C44) -> 871 | D13: =SUM(D21:D44) -> 9 | E13: =SUM(E21:E44) -> 0 | F13: =SUM(C13:E13) -> 880
B14: Construcción | C14: =SUM(C45:C47) -> 362 | D14: =SUM(D45:D47) -> 7 | E14: =SUM(E45:E47) -> 1 | F14: =SUM(C14:E14) -> 370
B15: Servicios | C15: =SUM(C48:C84) -> 1399 | D15: =SUM(D48:D84) -> 6 | E15: =SUM(E48:E84) -> 1 | F15: =SUM(C15:E15) -> 1406
B17: SECCIÓN Y DIVISIÓN
B18: 01 - Agricultura, ganadería, caza y servicios relacionados con las mismas | C18: 94 | D18: 3 | E18: 0 | F18: =SUM(C18:E18) -> 97
B19: 02 - Silvicultura y explotación forestal | C19: 8 | D19: 0 | E19: 0 | F19: =SUM(C19:E19) -> 8
B20: 03 - Pesca y acuicultura | C20: 4 | D20: 0 | E20: 0 | F20: =SUM(C20:E20) -> 4
B21: 08 - Otras industrias extractivas | C21: 4 | D21: 0 | E21: 0 | F21: =SUM(C21:E21) -> 4
B22: 10 - Industria de la alimentación | C22: 256 | D22: 1 | E22: 0 | F22: =SUM(C22:E22) -> 257
B23: 11 - Fabricación de bebidas | C23: 46 | D23: 0 | E23: 0 | F23: =SUM(C23:E23) -> 46
B24: 13 - Industria textil | C24: 8 | D24: 0 | E24: 0 | F24: =SUM(C24:E24) -> 8
B25: 14 - Confección de prendas de vestir | C25: 1 | D25: 0 | E25: 0 | F25: =SUM(C25:E25) -> 1
B26: 15 - Industria del cuero y del calzado | C26: 47 | D26: 0 | E26: 0 | F26: =SUM(C26:E26) -> 47
B27: 16 - Industria de la madera y del corcho, excepto muebles; cestería y espartería | C27: 44 | D27: 1 | E27: 0 | F27: =SUM(C27:E27) -> 45
B28: 17 - Industria del papel | C28: 21 | D28: 0 | E28: 0 | F28: =SUM(C28:E28) -> 21
B29: 18 - Artes gráficas y reproducción de soportes grabados | C29: 4 | D29: 0 | E29: 0 | F29: =SUM(C29:E29) -> 4
... B84: 97 - Actividades de los hogares como empleadores de personal doméstico | C84: 10 | D84: 1 | E84: 0 | F84: =SUM(C84:E84) -> 11
A86: Se incluyen los accidentes que han causado baja en el periodo de referencia, recepcionados por la Autoridad Laboral Provincial (véanse Fuentes y Notas Explicativas).

Sheet ATR-I2.2
A1: ACCIDENTES DE TRABAJO
A3: ATR-I2.2 ÍNDICES DE INCIDENCIA DE ACCIDENTES DE TRABAJO CON BAJA EN JORNADA
A4: POR SECTOR Y SECCIÓN DE ACTIVIDAD.ASALARIADOS
A6: enero-agosto 2026
D7: ACCIDENTES EN JORNADA (1) | G7: AFILIADOS EN MEDIA MENSUAL (2) | I7: ÍNDICES DE INCIDENCIA (3)
D8: Total | E8: Mortales | I8: Total | J8: Mortales
B9: TOTAL | D9: =SUM(D12:D15) -> 2765 | E9: =SUM(E12:E15) -> 2 | G9: =SUM(G12:G15) -> 115787 | I9: =(D9/G9)*100000/8 -> 298.5007 | J9: =(E9/G9)*100000/8 -> 0.2159137
B11: SECTOR
B12: Agrario | D12: =D18 -> 109 | E12: =E18 -> 0 | G12: 4557 | I12: =(D12/G12)*100000/8 -> 298.99056 | J12: =(E12/G12)*100000/8 -> 0
B13: Industria | D13: =SUM(D19:D22) -> 880 | E13: =SUM(E19:E21) -> 0 | G13: 24242 | I13: =(D13/G13)*100000/8 -> 453.75794 | J13: =(E13/G13)*100000/8 -> 0
B14: Construcción | D14: =D23 -> 370 | E14: =E22 -> 0 | G14: 6174 | I14: =(D14/G14)*100000/8 -> 749.10917 | J14: =(E14/G14)*100000/8 -> 0
B15: Servicios | D15: =SUM(D24:D37) -> 1406 | E15: =SUM(E23:E36) -> 2 | G15: 80814 | I15: =(D15/G15)*100000/8 -> 217.47469 | J15: =(E15/G15)*100000/8 -> 0.30935234
B17: SECCIÓN
B18: A. Agricultura, Ganadería, Caza y Silvicultura | D18: 109 | E18: 0 | F18: 4557 | G18: 4557 | H18: 331.8 | I18: =(D18/G18)*100000/8 -> 298.99056 | J18: =(E18/G18)*100000/8 -> 0
B19: B. Industrias Extractivas | D19: 4 | E19: 0 | F19: 107 | G19: 107 | H19: 364.9 | I19: =(D19/G19)*100000/8 -> 467.28972 | J19: =(E19/G19)*100000/8 -> 0
B20: C. Industria Manufacturera | D20: 828 | E20: 0 | F20: 22778 | G20: 22778 | H20: 435.9 | I20: =(D20/G20)*100000/8 -> 454.38581 | J20: =(E20/G20)*100000/8 -> 0
B21: D. Suministro de energía eléctrica, gas, vapor y aire acondicionado | D21: 2 | E21: 0 | F21: 173 | G21: 173 | H21: 713.4 | I21: =(D21/G21)*100000/8 -> 144.50867 | J21: =(E21/G21)*100000/8 -> 0
B22: E. Suministro de agua, actividades de sanea-miento, gestión de residuos y descontaminación | D22: 46 | E22: 0 | F22: 1184 | G22: 1184 | H22: 203.2 | I22: =(D22/G22)*100000/8 -> 485.64189 | J22: =(E22/G22)*100000/8 -> 0
B23: F. Construcción | D23: 370 | E23: 1 | F23: 6174 | G23: 6174 | H23: 251.1 | I23: =(D23/G23)*100000/8 -> 749.10917 | J23: =(E23/G23)*100000/8 -> 2.0246194
B24: G. Comercio al por mayor y al por menor; reparación de vehículos de motor | D24: 246 | E24: 0 | F24: 13487 | G24: 13487 | H24: 189.9 | I24: =(D24/G24)*100000/8 -> 227.99733 | J24: =(E24/G24)*100000/8 -> 0
B25: H. Transporte y almacenamiento | D25: 151 | E25: 0 | F25: 4437 | G25: 4437 | H25: 31 | I25: =(D25/G25)*100000/8 -> 425.40005 | J25: =(E25/G25)*100000/8 -> 0
B26: I. Hostelería | D26: 169 | E26: 0 | F26: 8449 | G26: 8449 | H26: 493.4 | I26: =(D26/G26)*100000/8 -> 250.02959 | J26: =(E26/G26)*100000/8 -> 0
B27: J. Información y comunicaciones | D27: 6 | E27: 0 | F27: 1925 | G27: 1925 | H27: 218.7 | I27: =(D27/G27)*100000/8 -> 38.961039 | J27: =(E27/G27)*100000/8 -> 0
B28: K. Actividades financieras y de seguros | D28: 4 | E28: 0 | F28: 1438 | G28: 1438 | H28: 53.1 | I28: =(D28/G28)*100000/8 -> 34.770515 | J28: =(E28/G28)*100000/8 -> 0
B29: L. Actividades inmobiliarias | D29: 5 | E29: 0 | F29: 464 | G29: 464 | H29: 272.6 | I29: =(D29/G29)*100000/8 -> 134.69828 | J29: =(E29/G29)*100000/8 -> 0
... B32: O. Admón Pública y defensa; Seg. Social obligatoria | D32: 114 | E32: 0 | F32: 7264 | G32: 7264 | H32: 44.4 | I32: =(D32/G32)*100000/8 -> 196.17291 | J32: =(E32/G32)*100000/8 -> 0
B33: P. Educación | D33: 37 | E33: 0 | F33: 11287 | G33: 11287 | I33: =(D33/G33)*100000/8 -> 40.976344 | J33: =(E33/G33)*100000/8 -> 0
B34: Q. Actividades sanitarias y de servicios sociales | D34: 232 | E34: 0 | F34: 13806 | G34: 13806 | I34: =(D34/G34)*100000/8 -> 210.0536 | J34: =(E34/G34)*100000/8 -> 0
B35: R. Activ. artísticas, recreativas y de entretenimiento | D35: 79 | E35: 0 | F35: 2045 | G35: 2045 | I35: =(D35/G35)*100000/8 -> 482.88509 | J35: =(E35/G35)*100000/8 -> 0
B36: S. Otros servicios | D36: 66 | E36: 0 | F36: 3136 | G36: 3136 | I36: =(D36/G36)*100000/8 -> 263.07398 | J36: =(E36/G36)*100000/8 -> 0
B37: T. Activ. de hogares como empleadores de personal doméstico, como productores de bienes y como servicios para uso propio | D37: 11 | E37: 0 | F37: 2306 | G37: 2306 | I37: =(D37/G37)*100000/8 -> 59.62706 | J37: =(E37/G37)*100000/8 -> 0
A39: (2) Media del dato de afiliados a último día de mes que tienen cubiertas las contingencias profesionales (véanse Fuentes y Notas explicativas).
A40: (3) Indices calculados utilizando, en el numerador, la media mensual de los accidentes con baja en jornada de trabajo del período considerado, multiplicado por cien mil y, en el denominador, la media mensual de los afiliados a la Seguridad Social con la contingencia de accidente cubierta en dicho período. (Véanse Fuentes y Notas Explicativas).

Sheet ATR-A2.3
A1: ACCIDENTES DE TRABAJO | E1: Volver al índice
A3: ATR-A2. ACCIDENTES DE TRABAJO CON BAJA, EN JORNADA, SEGÚN GRAVEDAD,
A4: POR SECTOR, SECCIÓN Y DIVISIÓN DE ACTIVIDAD ECONÓMICA. TRABAJADORES POR CUENTA PROPIA.
A6: enero-agosto 2026
C8: Leves | D8: Graves | E8: Mortales | F8: TOTAL
B9: TOTAL | C9: =SUM(C12:C15) -> 152 | D9: =SUM(D12:D15) -> 5 | E9: =SUM(E12:E15) -> 1 | F9: =SUM(F12:F15) -> 158
B11: SECTOR
B12: Agrario | C12: =C18 -> 33 | D12: =D18 -> 1 | E12: =E18 -> 0 | F12: =SUM(C12:E12) -> 34
B13: Industria | C13: =SUM(C19:C28) -> 21 | D13: =SUM(D19:D28) -> 1 | E13: =SUM(E19:E28) -> 0 | F13: =SUM(C13:E13) -> 22
B14: Construcción | C14: =SUM(C29:C31) -> 40 | D14: =SUM(D29:D31) -> 1 | E14: =SUM(E29:E31) -> 1 | F14: =SUM(C14:E14) -> 42
B15: Servicios | C15: =SUM(C32:C45) -> 58 | D15: =SUM(D32:D45) -> 2 | E15: =SUM(E32:E45) -> 0 | F15: =SUM(C15:E15) -> 60
B17: SECCIÓN Y DIVISIÓN
B18: 01 - Agricultura, ganadería, caza y servicios relacionados con las mismas | C18: 33 | D18: 1 | E18: 0 | F18: =SUM(C18:E18) -> 34
B19: 10 - Industria de la alimentación | C19: 2 | D19: 1 | E19: 0 | F19: =SUM(C19:E19) -> 3
B20: 13 - Industria textil | C20: 1 | D20: 0 | E20: 0 | F20: =SUM(C20:E20) -> 1
B21: 15 - Industria del cuero y del calzado | C21: 2 | D21: 0 | E21: 0 | F21: =SUM(C21:E21) -> 2
B22: 18 - Artes gráficas y reproducción de soportes grabados | C22: 2 | D22: 0 | E22: 0 | F22: =SUM(C22:E22) -> 2
B23: 23 - Fabricación de otros productos minerales no metálicos | C23: 1 | D23: 0 | E23: 0 | F23: =SUM(C23:E23) -> 1
B24: 25 - Fabricación de productos metálicos, excepto maquinaria y equipo | C24: 8 | D24: 0 | E24: 0 | F24: =SUM(C24:E24) -> 8
B25: 31 - Fabricación de muebles | C25: 1 | D25: 0 | E25: 0 | F25: =SUM(C25:E25) -> 1
B26: 32 - Otras industrias manufactureras | C26: 1 | D26: 0 | E26: 0 | F26: =SUM(C26:E26) -> 1
B27: 33 - Reparación e instalación de maquinaria y equipo | C27: 2 | D27: 0 | E27: 0 | F27: =SUM(C27:E27) -> 2
B28: 38 - Recogida, tratamiento y eliminación de residuos; valorización | C28: 1 | D28: 0 | E28: 0 | F28: =SUM(C28:E28) -> 1
B29: 41 - Construcción de edificios | C29: 12 | D29: 1 | E29: 0 | F29: =SUM(C29:E29) -> 13
... B45: 96 - Otros servicios personales | C45: 5 | D45: 0 | E45: 0 | F45: =SUM(C45:E45) -> 5
A47: Se incluyen los accidentes que han causado baja en el periodo de referencia, recepcionados por la Autoridad Laboral Provincial (véanse Fuentes y Notas Explicativas).

Sheet ATR-I2.3
A1: ACCIDENTES DE TRABAJO
A3: ATR-I2.3 ÍNDICES DE INCIDENCIA DE ACCIDENTES DE TRABAJO CON BAJA EN JORNADA
A4: POR SECTOR Y SECCIÓN DE ACTIVIDAD.TRABAJADORES POR CUENTA PROPIA
A6: enero-agosto 2026
D7: ACCIDENTES EN JORNADA (1) | G7: AFILIADOS EN MEDIA MESUAL (2) | I7: ÍNDICES DE INCIDENCIA (3)
D8: Total | E8: Mortales | I8: Total | J8: Mortales
B9: TOTAL | D9: =SUM(D12:D15) -> 158 | E9: =SUM(E12:E15) -> 1 | G9: 23177 | I9: =(D9/G9)*100000/8 -> 85.21379 | J9: =(E9/G9)*100000/8 -> 0.53932778
B11: SECTOR
B12: Agrario | D12: =D18 -> 34 | E12: =E18 -> 0 | G12: 2759 | I12: =(D12/G12)*100000/8 -> 154.04132 | J12: =(E12/G12)*100000/8 -> 0
B13: Industria | D13: =SUM(D19:D20) -> 22 | E13: =SUM(E19:E20) -> 0 | G13: 1845 | I13: =(D13/G13)*100000/8 -> 149.05149 | J13: =(E13/G13)*100000/8 -> 0
B14: Construcción | D14: =D21 -> 42 | E14: =E21 -> 1 | G14: 2759 | I14: =(D14/G14)*100000/8 -> 190.28634 | J14: =(E14/G14)*100000/8 -> 4.530627
B15: Servicios | D15: =SUM(D22:D30) -> 60 | E15: 0 | G15: 15658 | I15: =(D15/G15)*100000/8 -> 47.898838 | J15: =(E15/G15)*100000/8 -> 0
B17: SECCIÓN
B18: A. Agricultura, Ganadería, Caza y Silvicultura | D18: 34 | E18: 0 | F18: 2759 | G18: 2759 | H18: 144.5 | I18: =(D18/G18)*100000/8 -> 154.04132 | J18: =(E18/G18)*100000/8 -> 0
B19: C. Industria Manufacturera | D19: 21 | E19: 0 | F19: 1793 | G19: 1793 | H19: 164.9 | I19: =(D19/G19)*100000/8 -> 146.40268 | J19: =(E19/G19)*100000/8 -> 0
B20: E. Suministro de agua, actividades de sanea-miento, gestión de residuos y descontaminación | D20: 1 | E20: 0 | F20: 25 | G20: 25 | H20: 4166.7 | I20: =(D20/G20)*100000/8 -> 500 | J20: =(E20/G20)*100000/8 -> 0
B21: F. Construcción | D21: 42 | E21: 1 | F21: 2914 | G21: 2914 | H21: 138.5 | I21: =(D21/G21)*100000/8 -> 180.16472 | J21: =(E21/G21)*100000/8 -> 4.2896362
B22: G. Comercio al por mayor y al por menor; reparación de vehículos de motor | D22: 16 | E22: 0 | F22: 4437 | G22: 4437 | H22: 22.4 | I22: =(D22/G22)*100000/8 -> 45.075501 | J22: =(E22/G22)*100000/8 -> 0
B23: H. Transporte y almacenamiento | D23: 8 | E23: 0 | F23: 1109 | G23: 1109 | H23: 182.5 | I23: =(D23/G23)*100000/8 -> 90.171326 | J23: =(E23/G23)*100000/8 -> 0
B24: I. Hostelería | D24: 11 | E24: 0 | F24: 2550 | G24: 2550 | H24: 119.1 | I24: =(D24/G24)*100000/8 -> 53.921569 | J24: =(E24/G24)*100000/8 -> 0
B25: L. Actividades inmobiliarias | D25: 1 | E25: 0 | F25: 294 | G25: 294 | H25: 149.9 | I25: =(D25/G25)*100000/8 -> 42.517007 | J25: =(E25/G25)*100000/8 -> 0
B26: M. Activ. profesionales, científicas y técnicas | D26: 3 | E26: 0 | F26: 1969 | G26: 1969 | H26: 55.4 | I26: =(D26/G26)*100000/8 -> 19.045201 | J26: =(E26/G26)*100000/8 -> 0
B27: N. Activ. administrativas y servicios auxiliares | D27: 7 | E27: 0 | F27: 671 | G27: 671 | I27: =(D27/G27)*100000/8 -> 130.40238 | J27: =(E27/G27)*100000/8 -> 0
B28: Q. Actividades sanitarias y de servicios sociales | D28: 2 | E28: 0 | F28: 736 | G28: 736 | I28: =(D28/G28)*100000/8 -> 33.967391 | J28: =(E28/G28)*100000/8 -> 0
B29: R. Activ. artísticas, recreativas y de entretenimiento | D29: 4 | E29: 0 | F29: 523 | G29: 523 | I29: =(D29/G29)*100000/8 -> 95.602294 | J29: =(E29/G29)*100000/8 -> 0
B30: S. Otros servicios | D30: 8 | E30: 0 | F30: 1813 | G30: 1813 | I30: =(D30/G30)*100000/8 -> 55.157198 | J30: =(E30/G30)*100000/8 -> 0
A32: (2) Media del dato de afiliados a último día de mes que tienen cubiertas las contingencias profesionales (véanse Fuentes y Notas explicativas).
A33: (3) Indices calculados utilizando, en el numerador, la media mensual de los accidentes con baja en jornada de trabajo del período considerado, multiplicado por cien mil y, en el denominador, la media mensual de los afiliados a la Seguridad Social con la contingencia de accidente cubierta en dicho período. (Véanse Fuentes y Notas Explicativas).

Sheet ATR-A2_II
A1: ACCIDENTES DE TRABAJO | E1: Volver al índice
A3: ATR-A2_II. ACCIDENTES DE TRABAJO CON BAJA, IN ITINERE, SEGÚN GRAVEDAD,
A4: POR SECTOR, SECCIÓN Y DIVISIÓN DE ACTIVIDAD ECONÓMICA
A6: enero-agosto 2026
C8: Leves | D8: Graves | E8: Mortales | F8: TOTAL
B9: TOTAL | C9: =SUM(C12:C15) -> 272 | D9: =SUM(D12:D15) -> 6 | E9: =SUM(E12:E15) -> 0 | F9: =SUM(C9:E9) -> 278
B11: SECTOR
B12: Agrario | C12: =SUM(C18) -> 5 | D12: =SUM(D18) -> 0 | E12: =SUM(E18) -> 0 | F12: =SUM(C12:E12) -> 5
B13: Industria | C13: =SUM(C19:C36) -> 51 | D13: =SUM(D19:D36) -> 1 | E13: =SUM(E19:E36) -> 0 | F13: =SUM(C13:E13) -> 52
B14: Construcción | C14: =SUM(C37:C38) -> 10 | D14: =SUM(D37:D38) -> 1 | E14: =SUM(E37:E38) -> 0 | F14: =SUM(C14:E14) -> 11
B15: Servicios | C15: =SUM(C39:C67) -> 206 | D15: =SUM(D39:D67) -> 4 | E15: =SUM(E38:E39) -> 0 | F15: =SUM(C15:E15) -> 210
B17: SECCIÓN Y DIVISIÓN
B18: 01 - Agricultura, ganadería, caza y servicios relacionados con las mismas | C18: 5 | D18: 0 | E18: 0 | F18: =SUM(C18:E18) -> 5
B19: 10 - Industria de la alimentación | C19: 12 | D19: 0 | E19: 0 | F19: =SUM(C19:E19) -> 12
B20: 11 - Fabricación de bebidas | C20: 3 | D20: 0 | E20: 0 | F20: =SUM(C20:E20) -> 3
B21: 15 - Industria del cuero y del calzado | C21: 2 | D21: 0 | E21: 0 | F21: =SUM(C21:E21) -> 2
B22: 16 - Industria de la madera y del corcho, excepto muebles; cestería y espartería | C22: 4 | D22: 0 | E22: 0 | F22: =SUM(C22:E22) -> 4
B23: 17 - Industria del papel | C23: 2 | D23: 0 | E23: 0 | F23: =SUM(C23:E23) -> 2
B24: 18 - Artes gráficas y reproducción de soportes grabados | C24: 2 | D24: 1 | E24: 0 | F24: =SUM(C24:E24) -> 3
B25: 20 - Industria química | C25: 2 | D25: 0 | E25: 0 | F25: =SUM(C25:E25) -> 2
B26: 22 - Fabricación de productos de caucho y plásticos | C26: 5 | D26: 0 | E26: 0 | F26: =SUM(C26:E26) -> 5
B27: 23 - Fabricación de otros productos minerales no metálicos | C27: 2 | D27: 0 | E27: 0 | F27: =SUM(C27:E27) -> 2
B28: 25 - Fabricación de productos metálicos, excepto maquinaria y equipo | C28: 5 | D28: 0 | E28: 0 | F28: =SUM(C28:E28) -> 5
B29: 27 - Fabricación de material y equipo eléctrico | C29: 1 | D29: 0 | E29: 0 | F29: =SUM(C29:E29) -> 1
... B67: 97 - Actividades de los hogares como empleadores de personal doméstico | C67: 1 | D67: 0 | E67: 0 | F67: =SUM(C67:E67) -> 1
A69: Se incluyen los accidentes que han causado baja en el periodo de referencia, recepcionados por la Autoridad Laboral Provincial (véanse Fuentes y Notas Explicativas).

Sheet ATR-A3
A1: ACCIDENTES DE TRABAJO | G1: Volver al índice
A3: ATR-A3. ACCIDENTES DE TRABAJO CON BAJA, EN JORNADA, SEGÚN GRAVEDAD,
A4: POR SEXO Y EDAD DEL TRABAJADOR ACCIDENTADO
A6: enero-agosto 2026
B8: Leves | C8: Graves | D8: Mortales | E8: TOTAL
A9: TOTAL | B9: =B22+B35 -> 2890 | C9: =C22+C35 -> 30 | D9: =D22+D35 -> 3 | E9: =E22+E35 -> 2923
A10: De 16 a 19 | B10: =B23+B36 -> 40 | C10: =C23+C36 -> 0 | D10: =D23+D36 -> 0 | E10: =E23+E36 -> 40
A11: De 20 a 24 | B11: =B24+B37 -> 215 | C11: =C24+C37 -> 1 | D11: =D24+D37 -> 0 | E11: =E24+E37 -> 216
A12: De 25 a 29 | B12: =B25+B38 -> 270 | C12: =C25+C38 -> 0 | D12: =D25+D38 -> 0 | E12: =E25+E38 -> 270
A13: De 30 a 34 | B13: =B26+B39 -> 261 | C13: =C26+C39 -> 1 | D13: =D26+D39 -> 0 | E13: =E26+E39 -> 262
A14: De 35 a 39 | B14: =B27+B40 -> 298 | C14: =C27+C40 -> 4 | D14: =D27+D40 -> 0 | E14: =E27+E40 -> 302
A15: De 40 a 44 | B15: =B28+B41 -> 367 | C15: =C28+C41 -> 4 | D15: =D28+D41 -> 1 | E15: =E28+E41 -> 372
A16: De 45 a 49 | B16: =B29+B42 -> 453 | C16: =C29+C42 -> 8 | D16: =D29+D42 -> 0 | E16: =E29+E42 -> 461
A17: De 50 a 54 | B17: =B30+B43 -> 422 | C17: =C30+C43 -> 5 | D17: =D30+D43 -> 0 | E17: =E30+E43 -> 427
A18: De 55 a 59 | B18: =B31+B44 -> 318 | C18: =C31+C44 -> 3 | D18: =D31+D44 -> 0 | E18: =E31+E44 -> 321
A19: De 60 a 64 | B19: =B32+B45 -> 214 | C19: =C32+C45 -> 4 | D19: =D32+D45 -> 2 | E19: =E32+E45 -> 220
A20: 65 o más años | B20: =B33+B46 -> 32 | C20: =C33+C46 -> 0 | D20: =D33+D46 -> 0 | E20: =E33+E46 -> 32
A22: VARONES | B22: =SUM(B23:B33) -> 1985 | C22: =SUM(C23:C33) -> 25 | D22: =SUM(D23:D33) -> 3 | E22: =SUM(E23:E33) -> 2013
A23: De 16 a 19 años | B23: 29 | C23: 0 | D23: 0 | E23: =SUM(B23:D23) -> 29
A24: De 20 a 24 años | B24: 161 | C24: 1 | D24: 0 | E24: =SUM(B24:D24) -> 162
A25: De 25 a 29 años | B25: 192 | C25: 0 | D25: 0 | E25: =SUM(B25:D25) -> 192
A26: De 30 a 34 años | B26: 188 | C26: 1 | D26: 0 | E26: =SUM(B26:D26) -> 189
A27: De 35 a 39 años | B27: 206 | C27: 4 | D27: 0 | E27: =SUM(B27:D27) -> 210
A28: De 40 a 44 años | B28: 255 | C28: 3 | D28: 1 | E28: =SUM(B28:D28) -> 259
A29: De 45 a 49 años | B29: 309 | C29: 6 | D29: 0 | E29: =SUM(B29:D29) -> 315
A30: De 50 a 54 años | B30: 276 | C30: 5 | D30: 0 | E30: =SUM(B30:D30) -> 281
A31: De 55 a 59 años | B31: 206 | C31: 3 | D31: 0 | E31: =SUM(B31:D31) -> 209
A32: De 60 a 64 años | B32: 141 | C32: 2 | D32: 2 | E32: =SUM(B32:D32) -> 145
A33: 65 años o más | B33: 22 | C33: 0 | D33: 0 | E33: =SUM(B33:D33) -> 22
A35: MUJERES | B35: =SUM(B36:B46) -> 905 | C35: =SUM(C36:C46) -> 5 | D35: =SUM(D36:D46) -> 0 | E35: =SUM(B35:D35) -> 910
A36: De 16 a 19 años | B36: 11 | C36: 0 | D36: 0 | E36: =SUM(B36:D36) -> 11
A37: De 20 a 24 años | B37: 54 | C37: 0 | D37: 0 | E37: =SUM(B37:D37) -> 54
A38: De 25 a 29 años | B38: 78 | C38: 0 | D38: 0 | E38: =SUM(B38:D38) -> 78
A39: De 30 a 34 años | B39: 73 | C39: 0 | D39: 0 | E39: =SUM(B39:D39) -> 73
A40: De 35 a 39 años | B40: 92 | C40: 0 | D40: 0 | E40: =SUM(B40:D40) -> 92
A41: De 40 a 44 años | B41: 112 | C41: 1 | D41: 0 | E41: =SUM(B41:D41) -> 113
A42: De 45 a 49 años | B42: 144 | C42: 2 | D42: 0 | E42: =SUM(B42:D42) -> 146
A43: De 50 a 54 años | B43: 146 | C43: 0 | D43: 0 | E43: =SUM(B43:D43) -> 146
A44: De 55 a 59 años | B44: 112 | C44: 0 | D44: 0 | E44: =SUM(B44:D44) -> 112
A45: De 60 a 64 años | B45: 73 | C45: 2 | D45: 0 | E45: =SUM(B45:D45) -> 75
A46: 65 años o más | B46: 10 | C46: 0 | D46: 0 | E46: =SUM(B46:D46) -> 10
A48: Se incluyen los accidentes que han causado baja en el periodo de referencia, recepcionados por la Autoridad Laboral Provincial (véanse Fuentes y Notas Explicativas). | B48: 0 | C48: 0

Sheet ATR-A3_II
A1: ACCIDENTES DE TRABAJO | E1: Volver al índice
A3: ATR-A3_II. ACCIDENTES DE TRABAJO CON BAJA, IN ITINERE, SEGÚN GRAVEDAD,
A4: POR SEXO Y EDAD DEL TRABAJADOR ACCIDENTADO
A6: enero-agosto 2026
B8: Leves | C8: Graves | D8: Mortales | E8: TOTAL
A9: TOTAL | B9: =B21+B33 -> 272 | C9: =C21+C33 -> 6 | D9: =D21+D33 -> 0 | E9: =E21+E33 -> 278
A10: De 16 a 19 años | B10: 1 | C10: 0 | D10: 0 | E10: =E22+E34 -> 5
A11: De 20 a 24 años | B11: 7 | C11: 0 | D11: 0 | E11: =E23+E35 -> 24
A12: De 25 a 29 años | B12: 6 | C12: 0 | D12: 0 | E12: =E24+E36 -> 26
A13: De 30 a 34 años | B13: 6 | C13: 0 | D13: 0 | E13: =E25+E37 -> 28
A14: De 35 a 39 años | B14: 6 | C14: 0 | D14: 0 | E14: =E26+E38 -> 30
A15: De 40 a 44 años | B15: 8 | C15: 0 | D15: 0 | E15: =E27+E39 -> 34
A16: De 45 a 49 años | B16: 14 | C16: 1 | D16: 0 | E16: =E28+E40 -> 45
A17: De 50 a 54 años | B17: 5 | C17: 0 | D17: 0 | E17: =E29+E41 -> 28
A18: De 55 a 59 años | B18: 10 | C18: 0 | D18: 0 | E18: =E30+E45 -> 9
A19: De 60 a 64 años | B19: 11 | C19: 0 | D19: 0 | E19: =E31+E46 -> 13
A21: VARONES | B21: =SUM(B22:B31) -> 113 | C21: =SUM(C22:C31) -> 4 | D21: =SUM(D22:D31) -> 0 | E21: =SUM(E22:E31) -> 117
A22: De 16 a 19 años | B22: 3 | C22: 0 | D22: 0 | E22: =SUM(B22:D22) -> 3
A23: De 20 a 24 años | B23: 16 | C23: 0 | D23: 0 | E23: =SUM(B23:D23) -> 16
A24: De 25 a 29 años | B24: 7 | C24: 0 | D24: =D38+D50 -> 0 | E24: =SUM(B24:D24) -> 7
A25: De 30 a 34 años | B25: 12 | C25: 0 | D25: 0 | E25: =SUM(B25:D25) -> 12
A26: De 35 a 39 años | B26: 13 | C26: 1 | D26: 0 | E26: =SUM(B26:D26) -> 14
A27: De 40 a 44 años | B27: 13 | C27: 0 | D27: =D41+D53 -> 0 | E27: =SUM(B27:D27) -> 13
A28: De 45 a 49 años | B28: 19 | C28: 0 | D28: 0 | E28: =SUM(B28:D28) -> 19
A29: De 50 a 54 años | B29: 9 | C29: 2 | D29: 0 | E29: =SUM(B29:D29) -> 11
A30: De 55 a 59 años | B30: 9 | C30: 0 | D30: 0 | E30: =SUM(B30:D30) -> 9
A31: De 60 a 64 años | B31: 12 | C31: 1 | D31: 0 | E31: =SUM(B31:D31) -> 13
A33: MUJERES | B33: =SUM(B34:B44) -> 159 | C33: =SUM(C34:C44) -> 2 | D33: =SUM(D34:D44) -> 0 | E33: =SUM(E34:E44) -> 161
A34: De 16 a 19 años | B34: 2 | C34: 0 | D34: 0 | E34: =SUM(B34:D34) -> 2
A35: De 20 a 24 años | B35: 8 | C35: 0 | D35: 0 | E35: =SUM(B35:D35) -> 8
A36: De 25 a 29 años | B36: 19 | C36: 0 | D36: 0 | E36: =SUM(B36:D36) -> 19
A37: De 30 a 34 años | B37: 15 | C37: 1 | D37: 0 | E37: =SUM(B37:D37) -> 16
A38: De 35 a 39 años | B38: 16 | C38: 0 | D38: 0 | E38: =SUM(B38:D38) -> 16
A39: De 40 a 44 años | B39: 21 | C39: 0 | D39: 0 | E39: =SUM(B39:D39) -> 21
A40: De 45 a 49 años | B40: 25 | C40: 1 | D40: 0 | E40: =SUM(B40:D40) -> 26
A41: De 50 a 54 años | B41: 17 | C41: 0 | D41: 0 | E41: =SUM(B41:D41) -> 17
A42: De 55 a 59 años | B42: 19 | C42: 0 | D42: 0 | E42: =SUM(B42:D42) -> 19
A43: De 60 a 64 años | B43: 16 | C43: 0 | D43: 0 | E43: =SUM(B43:D43) -> 16
A44: 65 años o más | B44: 1 | C44: 0 | D44: 0 | E44: =SUM(B44:D44) -> 1
A46: Se incluyen los accidentes que han causado baja en el periodo de referencia, recepcionados por la Autoridad Laboral Provincial (véanse Fuentes y Notas Explicativas). | B46: 0 | C46: 0

Sheet ATR-A4
A1: ACCIDENTES DE TRABAJO | F1: Volver al índice
A3: ATR-A4. ACCIDENTES DE TRABAJO CON BAJA, EN JORNADA, SEGÚN GRAVEDAD,
A4: POR GRANDES GRUPOS DE OCUPACIÓN
A6: enero-agosto 2026
B8: Leves | C8: Graves | D8: Mortales | E8: TOTAL
A9: TOTAL | B9: =SUM(B11:B26) -> 2890 | C9: =SUM(C11:C26) -> 30 | D9: =SUM(D11:D26) -> 3 | E9: =SUM(B9:D9) -> 2923
A11: A - Directores y gerentes | B11: 16 | C11: 0 | D11: 0 | E11: =SUM(B11:D11) -> 16
A12: B - Técnicos y profesionales científicos e intelectuales de la salud y la enseñanza | B12: 55 | C12: 0 | D12: 0 | E12: =SUM(B12:D12) -> 55
A13: C - Otros técnicos y profesionales científicos e intelectuales | B13: 18 | C13: 0 | D13: 0 | E13: =SUM(B13:D13) -> 18
A14: D - Técnicos; profesionales de apoyo | B14: 144 | C14: 2 | D14: 0 | E14: =SUM(B14:D14) -> 146
A15: E - Empleados de oficina que no atienden al público | B15: 43 | C15: 0 | D15: 0 | E15: =SUM(B15:D15) -> 43
A16: F - Empleados de oficina que atienden al público | B16: 16 | C16: 1 | D16: 0 | E16: =SUM(B16:D16) -> 17
A17: G - Trabajadores de los servicios de restauración y comercio | B17: 253 | C17: 0 | D17: 0 | E17: =SUM(B17:D17) -> 253
A18: H - Trabajadores de los servicios de salud y el cuidado de personas | B18: 210 | C18: 0 | D18: 0 | E18: =SUM(B18:D18) -> 210
A19: I - Trabajadores de los servicios de protección y seguridad | B19: 43 | C19: 0 | D19: 1 | E19: =SUM(B19:D19) -> 44
A20: J - Trabajadores cualificados en el sector agrícola, ganadero, forestal y pesquero | B20: 83 | C20: 1 | D20: 0 | E20: =SUM(B20:D20) -> 84
A21: K - Trabajadores cualificados de la construcción, excepto operadores de máquinas | B21: 281 | C21: 7 | D21: 0 | E21: =SUM(B21:D21) -> 288
A22: L - Trabajadores cualificados de las industrias manufactureras, excepto operadores de instalaciones y máquinas | B22: 552 | C22: 4 | D22: 1 | E22: =SUM(B22:D22) -> 557
... A26: P - Peones de la agricultura, pesca, construcción, industrias manufactureras y transportes | B26: 467 | C26: 6 | D26: 1 | E26: =SUM(B26:D26) -> 474
A28: Se incluyen los accidentes que han causado baja en el periodo de referencia, recepcionados por la Autoridad Laboral Provincial (véanse Fuentes y Notas Explicativas). | B28: 0 | C28: 0

Sheet ATR-A4_II
A1: ACCIDENTES DE TRABAJO | F1: Volver al índice
A3: ATR-A4__II. ACCIDENTES DE TRABAJO CON BAJA, IN ITINERE, SEGÚN GRAVEDAD,
A4: POR GRANDES GRUPOS DE OCUPACIÓN
A6: enero-agosto 2026
B8: Leves | C8: Graves | D8: Mortales | E8: TOTAL
A9: TOTAL | B9: =SUM(B10:B25) -> 272 | C9: =SUM(C10:C25) -> 6 | D9: =SUM(D10:D25) -> 0 | E9: =SUM(B9:D9) -> 278
A10: A - Directores y gerentes | B10: 3 | C10: 0 | D10: 0 | E10: =SUM(B10:D10) -> 3
A11: B - Técnicos y profesionales científicos e intelectuales de la salud y la enseñanza | B11: 24 | C11: 1 | D11: 0 | E11: =SUM(B11:D11) -> 25
A12: C - Otros técnicos y profesionales científicos e intelectuales | B12: 8 | C12: 0 | D12: 0 | E12: =SUM(B12:D12) -> 8
A13: D - Técnicos; profesionales de apoyo | B13: 13 | C13: 0 | D13: 0 | E13: =SUM(B13:D13) -> 13
A14: E - Empleados de oficina que no atienden al público | B14: 18 | C14: 1 | D14: 0 | E14: =SUM(B14:D14) -> 19
A15: F - Empleados de oficina que atienden al público | B15: 10 | C15: 0 | D15: 0 | E15: =SUM(B15:D15) -> 10
A16: G - Trabajadores de los servicios de restauración y comercio | B16: 43 | C16: 1 | D16: 0 | E16: =SUM(B16:D16) -> 44
A17: H - Trabajadores de los servicios de salud y el cuidado de personas | B17: 27 | C17: 1 | D17: 0 | E17: =SUM(B17:D17) -> 28
A18: I - Trabajadores de los servicios de protección y seguridad | B18: 5 | C18: 0 | D18: 0 | E18: =SUM(B18:D18) -> 5
A19: J - Trabajadores cualificados en el sector agrícola, ganadero, forestal y pesquero | B19: 3 | C19: 0 | D19: 0 | E19: =SUM(B19:D19) -> 3
A20: K - Trabajadores cualificados de la construcción, excepto operadores de máquinas | B20: 8 | C20: 1 | D20: 0 | E20: =SUM(B20:D20) -> 9
A21: L - Trabajadores cualificados de las industrias manufactureras, excepto operadores de instalaciones y máquinas | B21: 30 | C21: 0 | D21: 0 | E21: =SUM(B21:D21) -> 30
... A25: P - Peones de la agricultura, pesca, construcción, industrias manufactureras y transportes | B25: 24 | C25: 0 | D25: 0 | E25: =SUM(B25:D25) -> 24
A27: Se incluyen los accidentes que han causado baja en el periodo de referencia, recepcionados por la Autoridad Laboral Provincial (véanse Fuentes y Notas Explicativas). | B27: 0 | C27: 0

Sheet ATR-A5
A1: ACCIDENTES DE TRABAJO | F1: Volver al índice
A3: ATR-A5. ACCIDENTES DE TRABAJO CON BAJA, EN JORNADA, SEGÚN GRAVEDAD,
A4: POR TIPO DE LUGAR DONDE SE ENCONTRABA EL TRABAJADOR ACCIDENTADO
A6: enero-agosto 2026
B8: Leves | C8: Graves | D8: Mortales | E8: TOTAL
A9: TOTAL | B9: =SUM(B12:B14) -> 2890 | C9: =SUM(C12:C14) -> 30 | D9: =SUM(D12:D14) -> 3 | E9: =SUM(B9:D9) -> 2923
A11: TIPO DE LUGAR GENERAL
A12: En centro habitual | B12: 2577 | C12: 21 | D12: 2 | E12: =SUM(B12:D12) -> 2600
A13: En desplazamiento | B13: 168 | C13: 2 | D13: 0 | E13: =SUM(B13:D13) -> 170
A14: En otro centro | B14: 145 | C14: 7 | D14: 1 | E14: =SUM(B14:D14) -> 153
A16: TIPO DE LUGAR DETALLADO
B17: 1 | C17: 0 | D17: 0 | E17: =SUM(B17:D17) -> 1
A18: 000 - Ninguna información | B18: 9 | C18: 0 | D18: 0 | E18: =SUM(B18:D18) -> 9
A19: 011 - Lugar de producción, taller, fábrica | B19: 1019 | C19: 5 | D19: 1 | E19: =SUM(B19:D19) -> 1025
A20: 012 - Área de mantenimiento, taller de reparación | B20: 84 | C20: 3 | D20: 0 | E20: =SUM(B20:D20) -> 87
A21: 013 - Áreas destinadas principalmente a almacenamiento, carga, descarga | B21: 243 | C21: 3 | D21: 0 | E21: =SUM(B21:D21) -> 246
A22: 019 - Otros tipos de lugar conocidos del grupo 010, pero no mencionados anteriormente | B22: 42 | C22: 2 | D22: 0 | E22: =SUM(B22:D22) -> 44
A23: 021 - Obras - edificio en construcción | B23: 169 | C23: 5 | D23: 0 | E23: =SUM(B23:D23) -> 174
A24: 022 - Obras - edificio en demolición, renovación o mantenimiento | B24: 63 | C24: 1 | D24: 1 | E24: =SUM(B24:D24) -> 65
A25: 023 - Cantera, mina a cielo abierto, excavación, zanja (incluidas las minas a cielo abierto y las canteras en explotación) | B25: 13 | C25: 0 | D25: 0 | E25: =SUM(B25:D25) -> 13
A26: 029 - Otros tipos de lugar conocidos del grupo 020, pero no mencionados anteriormente | B26: 20 | C26: 0 | D26: 0 | E26: =SUM(B26:D26) -> 20
A27: 031 - Lugares de cría de animales | B27: 17 | C27: 1 | D27: 0 | E27: =SUM(B27:D27) -> 18
A28: 032 - Lugares agrícolas - cultivo del suelo | B28: 52 | C28: 2 | D28: 0 | E28: =SUM(B28:D28) -> 54
A29: 033 - Lugares agrícolas - cultivo en árboles o arbustos | B29: 28 | C29: 0 | D29: 0 | E29: =SUM(B29:D29) -> 28
... A52: 999 - Otros tipos de lugar no codificados en esta clasificación | B52: 6 | C52: 0 | D52: 0 | E52: =SUM(B52:D52) -> 6
A54: Se incluyen los accidentes que han causado baja en el periodo de referencia, recepcionados por la Autoridad Laboral Provincial (véanse Fuentes y Notas Explicativas). | B54: 0 | C54: 0

Sheet ATR-A5_II
A1: ACCIDENTES DE TRABAJO | F1: Volver al índice
A3: ATR-A5_II. ACCIDENTES DE TRABAJO CON BAJA, IN ITINERE, SEGÚN GRAVEDAD,
A4: POR TIPO DE LUGAR DONDE SE ENCONTRABA EL TRABAJADOR ACCIDENTADO
A6: enero-agosto 2026
B8: Leves | C8: Graves | D8: Mortales | E8: TOTAL
A9: TOTAL | B9: =SUM(B12:B25) -> 272 | C9: =SUM(C12:C25) -> 6 | D9: =SUM(D12:D25) -> 0 | E9: =SUM(E12:E35) -> 278
A11: TIPO DE LUGAR DETALLADO
A12: 011 - Lugar de producción, taller, fábrica | B12: 6 | C12: 0 | D12: 0 | E12: =SUM(B12:D12) -> 6
A13: 019 - Otros tipos de lugar conocidos del grupo 010, pero no mencionados anteriormente | B13: 1 | C13: 0 | D13: 0 | E13: =SUM(B13:D13) -> 1
A14: 021 - Obras - edificio en construcción | B14: 1 | C14: 0 | D14: 0 | E14: =SUM(B14:D14) -> 1
A15: 042 - Centros de enseñanza, escuelas, institutos, universidades, guarderías | B15: 1 | C15: 0 | D15: 0 | E15: =SUM(B15:D15) -> 1
A16: 043 - Lugares de venta, pequeños o grandes (incluida la venta ambulante) | B16: 1 | C16: 0 | D16: 0 | E16: =SUM(B16:D16) -> 1
A17: 044 - Restaurantes, lugares de ocio, lugares de alojamiento (incluidos museos, lugares destinados a espectáculos, ferias, etc.) | B17: 2 | C17: 0 | D17: 0 | E17: =SUM(B17:D17) -> 2
A18: 051 - Centros sanitarios, clínicas, hospitales, guarderías | B18: 6 | C18: 0 | D18: 0 | E18: =SUM(B18:D18) -> 6
A19: 061 - Lugares abiertos permanentemente al público (vías de acceso, de circulación, zona de estacionamiento, sala de espera de estación, aeropuerto, etc.) | B19: 174 | C19: 5 | D19: 0 | E19: =SUM(B19:D19) -> 179
A20: 062 - Medio de transporte - terrestre: carretera o ferrocarril - privado o público (sea cual fuere: tren, autobús, automóvil, etc.) | B20: 65 | C20: 1 | D20: 0 | E20: =SUM(B20:D20) -> 66
A21: 063 - Zona aneja a lugares públicos con acceso reservado al personal autorizado: vía de ferrocarril, pavimento de aeródromo, arcén en autopista | B21: 2 | C21: 0 | D21: 0 | E21: =SUM(B21:D21) -> 2
A22: 069 - Otros tipos de lugar conocidos del grupo 060, pero no mencionados anteriormente | B22: 1 | C22: 0 | D22: 0 | E22: =SUM(B22:D22) -> 1
A23: 071 - Domicilio privado | B23: 3 | C23: 0 | D23: 0 | E23: =SUM(B23:D23) -> 3
... A25: 082 - En el exterior - terrenos de deporte, piscinas, pistas de esquí | B25: 1 | C25: 0 | D25: 0 | E25: =SUM(B25:D25) -> 1
A27: Se incluyen los accidentes que han causado baja en el periodo de referencia, recepcionados por la Autoridad Laboral Provincial (véanse Fuentes y Notas Explicativas). | B27: 0 | C27: 0

Sheet ATR-A6
A1: ACCIDENTES DE TRABAJO | F1: Volver al índice
A3: ATR-A6. ACCIDENTES DE TRABAJO CON BAJA, EN JORNADA, SEGÚN GRAVEDAD,
A4: POR ACTIVIDAD FÍSICA QUE REALIZABA EL TRABAJADOR ACCIDENTADO
A6: enero-agosto 2026
B8: Leves | C8: Graves | D8: Mortales | E8: TOTAL
A9: TOTAL | B9: =SUM(B11:B58) -> 2890 | C9: =SUM(C11:C58) -> 30 | D9: =SUM(D11:D58) -> 3 | E9: =SUM(E11:E58) -> 2923
A11: 00 - Ninguna información | B11: 8 | C11: 0 | D11: 0 | E11: =SUM(B11:D11) -> 8
A12: 11 - Arrancar la máquina, parar la máquina | B12: 27 | C12: 0 | D12: 0 | E12: =SUM(B12:D12) -> 27
A13: 12 - Alimentar la máquina, vaciar la máquina | B13: 55 | C13: 0 | D13: 0 | E13: =SUM(B13:D13) -> 55
A14: 13 - Vigilar la máquina, hacer funcionar - conducir la máquina | B14: 60 | C14: 2 | D14: 0 | E14: =SUM(B14:D14) -> 62
A15: 19 - Otra Actividad física específica del grupo 1 no mencionada anteriormente | B15: 51 | C15: 2 | D15: 0 | E15: =SUM(B15:D15) -> 53
A16: 21 - Trabajar con herramientas manuales sin motor | B16: 258 | C16: 2 | D16: 1 | E16: =SUM(B16:D16) -> 261
A17: 22 - Trabajar con herramientas manuales con motor | B17: 101 | C17: 0 | D17: 0 | E17: =SUM(B17:D17) -> 101
A18: 29 - Otra Actividad física específica del grupo 2 no mencionada anteriormente | B18: 18 | C18: 0 | D18: 0 | E18: =SUM(B18:D18) -> 18
A19: 31 - Conducir un medio de transporte o un equipo de carga - móvil y con motor | B19: 117 | C19: 1 | D19: 0 | E19: =SUM(B19:D19) -> 118
A20: 32 - Conducir un medio de transporte o un equipo de carga - móvil y sin motor | B20: 14 | C20: 1 | D20: 0 | E20: =SUM(B20:D20) -> 15
A21: 39 - Otra Actividad física específica del grupo 3 no mencionada anteriormente | B21: 8 | C21: 0 | D21: 0 | E21: =SUM(B21:D21) -> 8
A22: 41 - Coger con la mano, agarrar, sujetar, poner ¿ en un plano horizontal | B22: 676 | C22: 6 | D22: 1 | E22: =SUM(B22:D22) -> 683
... A43: 99 - Otra Actividad física específica no codificada en esta clasificación | B43: 5 | C43: 0 | D43: 0 | E43: =SUM(B43:D43) -> 5
A45: Se incluyen los accidentes que han causado baja en el periodo de referencia, recepcionados por la Autoridad Laboral Provincial (véanse Fuentes y Notas Explicativas). | B45: 0 | C45: 0

Sheet ATR-A6_II
A1: ACCIDENTES DE TRABAJO | F1: Volver al índice
A3: ATR-A6_II. ACCIDENTES DE TRABAJO CON BAJA, IN ITINERE, SEGÚN GRAVEDAD,
A4: POR ACTIVIDAD FÍSICA QUE REALIZABA EL TRABAJADOR ACCIDENTADO
A6: enero-agosto 2026
B8: Leves | C8: Graves | D8: Mortales | E8: TOTAL
A9: TOTAL | B9: =SUM(B11:B25) -> 272 | C9: =SUM(C12:C25) -> 6 | D9: =SUM(D12:D25) -> 0 | E9: =SUM(E11:E25) -> 278
A11: 00 - Ninguna información | B11: 1 | C11: 0 | D11: 0 | E11: =SUM(B11:D11) -> 1
A12: 11 - Arrancar la máquina, parar la máquina | B12: 1 | C12: 0 | D12: 0 | E12: =SUM(B12:D12) -> 1
A13: 13 - Vigilar la máquina, hacer funcionar - conducir la máquina | B13: 2 | C13: 0 | D13: 0 | E13: =SUM(B13:D13) -> 2
A14: 21 - Trabajar con herramientas manuales sin motor | B14: 1 | C14: 0 | D14: 0 | E14: =SUM(B14:D14) -> 1
A15: 31 - Conducir un medio de transporte o un equipo de carga - móvil y con motor | B15: 127 | C15: 4 | D15: 0 | E15: =SUM(B15:D15) -> 131
A16: 32 - Conducir un medio de transporte o un equipo de carga - móvil y sin motor | B16: 23 | C16: 0 | D16: 0 | E16: =SUM(B16:D16) -> 23
A17: 33 - Ser pasajero a bordo de un medio de transporte | B17: 10 | C17: 2 | D17: 0 | E17: =SUM(B17:D17) -> 12
A18: 39 - Otra Actividad física específica del grupo 3 no mencionada anteriormente | B18: 4 | C18: 0 | D18: 0 | E18: =SUM(B18:D18) -> 4
A19: 41 - Coger con la mano, agarrar, sujetar, poner ¿ en un plano horizontal | B19: 4 | C19: 0 | D19: 0 | E19: =SUM(B19:D19) -> 4
A20: 61 - Andar, correr, subir, bajar, etc. | B20: 80 | C20: 0 | D20: 0 | E20: =SUM(B20:D20) -> 80
A21: 62 - Entrar, salir | B21: 5 | C21: 0 | D21: 0 | E21: =SUM(B21:D21) -> 5
A22: 65 - Levantarse, sentarse, etc. | B22: 1 | C22: 0 | D22: 0 | E22: =SUM(B22:D22) -> 1
... A24: 70 - Estar presente | B24: 10 | C24: 0 | D24: 0 | E24: =SUM(B24:D24) -> 10
A25: Se incluyen los accidentes que han causado baja en el periodo de referencia, recepcionados por la Autoridad Laboral Provincial (véanse Fuentes y Notas Explicativas). | B25: 0 | C25: 0

Sheet ATR-A7
A1: ACCIDENTES DE TRABAJO | F1: Volver al índice
A3: ATR-A7. ACCIDENTES DE TRABAJO CON BAJA, EN JORNADA, SEGÚN GRAVEDAD,
A4: POR DESVIACIÓN QUE PRODUJO EL ACCIDENTE
A6: enero-agosto 2026
B8: Leves | C8: Graves | D8: Mortales | E8: TOTAL
A9: TOTAL | B9: =SUM(B11:B55) -> 2890 | C9: =SUM(C11:C55) -> 30 | D9: =SUM(D11:D55) -> 3 | E9: =SUM(E11:E55) -> 2923
A11: 000 - Ninguna información | B11: 26 | C11: 1 | D11: 0 | E11: =SUM(B11:D11) -> 27
A12: 011 - Problema eléctrico causado por fallo en la instalación - que da lugar a un contacto indirecto | B12: 1 | C12: 0 | D12: 0 | E12: =SUM(B12:D12) -> 1
A13: 012 - Problema eléctrico - que da lugar a un contacto directo | B13: 1 | C13: 0 | D13: 1 | E13: =SUM(B13:D13) -> 2
A14: 013 - Explosión | B14: 5 | C14: 4 | D14: 0 | E14: =SUM(B14:D14) -> 9
A15: 014 - Incendio, fuego | B15: 1 | C15: 0 | D15: 0 | E15: =SUM(B15:D15) -> 1
A16: 019 - Otra desviación conocida del grupo 10 pero no mencionada anteriormente | B16: 18 | C16: 0 | D16: 0 | E16: =SUM(B16:D16) -> 18
A17: 021 - En estado de sólido - desbordamiento, vuelco | B17: 7 | C17: 0 | D17: 0 | E17: =SUM(B17:D17) -> 7
A18: 022 - En estado líquido - escape, rezumamiento, derrame, salpicadura, aspersión | B18: 31 | C18: 0 | D18: 0 | E18: =SUM(B18:D18) -> 31
A19: 023 - En estado gaseoso - vaporización, formación de aerosoles, formación de gases | B19: 2 | C19: 0 | D19: 0 | E19: =SUM(B19:D19) -> 2
A20: 024 - Pulverulento - emanación de humos, emisión de polvo, partículas | B20: 11 | C20: 0 | D20: 0 | E20: =SUM(B20:D20) -> 11
A21: 029 - Otra desviación conocida del grupo 20 pero no mencionada anteriormente | B21: 3 | C21: 0 | D21: 0 | E21: =SUM(B21:D21) -> 3
A22: 031 - Rotura de material, en las juntas, en las conexiones | B22: 15 | C22: 0 | D22: 0 | E22: =SUM(B22:D22) -> 15
... A54: 099 - Otra desviación no codificada en esta clasificación | B54: 40 | C54: 1 | D54: 2 | E54: =SUM(B54:D54) -> 43
A56: Se incluyen los accidentes que han causado baja en el periodo de referencia, recepcionados por la Autoridad Laboral Provincial (véanse Fuentes y Notas Explicativas). | B56: 0 | C56: 0

Sheet ATR-A7_II
A1: ACCIDENTES DE TRABAJO | F1: Volver al índice
A3: ATR-A7_II. ACCIDENTES DE TRABAJO CON BAJA,IN ITINERE, SEGÚN GRAVEDAD,
A4: POR DESVIACIÓN QUE PRODUJO EL ACCIDENTE
A6: enero-agosto 2026
B8: Leves | C8: Graves | D8: Mortales | E8: TOTAL
A9: TOTAL | B9: =SUM(B11:B29) -> 272 | C9: =SUM(C11:C28) -> 6 | D9: =SUM(D11:D29) -> 0 | E9: =SUM(E11:E29) -> 278
A11: 000 - Ninguna información | B11: 1 | C11: 0 | D11: 0 | E11: =SUM(B11:D11) -> 1
A12: 019 - Otra desviación conocida del grupo 10 pero no mencionada anteriormente | B12: 1 | C12: 0 | D12: 0 | E12: =SUM(B12:D12) -> 1
A13: 034 - Resbalón, derrumbamiento, caída de agente material - inferior (que arrastra a la víctima) | B13: 1 | C13: 0 | D13: 0 | E13: =SUM(B13:D13) -> 1
A14: 035 - Resbalón, derrumbamiento, caída de agente material - al mismo nivel | B14: 3 | C14: 0 | D14: 0 | E14: =SUM(B14:D14) -> 3
A15: 039 - Otra desviación conocida del grupo 30 pero no mencionada anteriormente | B15: 1 | C15: 0 | D15: 0 | E15: =SUM(B15:D15) -> 1
A16: 042 - Pérdida (total o parcial) de control - de medio de transporte - de equipo de carga (con motor o sin él) | B16: 120 | C16: 3 | D16: 0 | E16: =SUM(B16:D16) -> 123
A17: 043 - Pérdida (total o parcial) de control - de herramienta manual (con motor o sin él), así como de la materia sobre la que se trabaje con la herramienta | B17: 1 | C17: 0 | D17: 0 | E17: =SUM(B17:D17) -> 1
A18: 044 - Pérdida (total o parcial) de control - de objeto (transportado, desplazado, manipulado, etc.) | B18: 3 | C18: 0 | D18: 0 | E18: =SUM(B18:D18) -> 3
A19: 049 - Otra desviación conocida del grupo 40 pero no mencionada anteriormente | B19: 2 | C19: 0 | D19: 0 | E19: =SUM(B19:D19) -> 2
A20: 051 - Caída de una persona - desde una altura | B20: 6 | C20: 0 | D20: 0 | E20: =SUM(B20:D20) -> 6
A21: 052 - Caída de una persona - al mismo nivel - Resbalón o tropezón con caída. | B21: 58 | C21: 1 | D21: 0 | E21: =SUM(B21:D21) -> 59
A22: 059 - Otra desviación conocida del grupo 50 pero no mencionada anteriormente (ejemplo: la víctima resulta lesionada por la caída de otra persona) | B22: 1 | C22: 0 | D22: 0 | E22: =SUM(B22:D22) -> 1
... A29: 099 - Otra desviación no codificada en esta clasificación | B29: 7 | C29: 0 | D29: 0 | E29: =SUM(B29:D29) -> 7
A30: Se incluyen los accidentes que han causado baja en el periodo de referencia, recepcionados por la Autoridad Laboral Provincial (véanse Fuentes y Notas Explicativas). | B30: 0 | C30: 0

Sheet ATR-A8
A1: ACCIDENTES DE TRABAJO | F1: Volver al índice
A3: ATR-A8. ACCIDENTES DE TRABAJO CON BAJA, EN JORNADA, SEGÚN GRAVEDAD,
A4: POR FORMA O CONTACTO QUE PRODUJO LA LESIÓN
A6: enero-agosto 2026
B8: Leves | C8: Graves | D8: Mortales | E8: TOTAL
A9: TOTAL | B9: =SUM(B11:B48) -> 2890 | C9: =SUM(C11:C46) -> 30 | D9: =SUM(D11:D48) -> 3 | E9: =SUM(E11:E48) -> 2923
A11: 00 - Ninguna información | B11: 16 | C11: 0 | D11: 0 | E11: =SUM(B11:D11) -> 16
A12: 11 - Contacto con un arco eléctrico o rayo (pasivo) (sin contacto material con el elemento) | B12: 9 | C12: 0 | D12: 0 | E12: =SUM(B12:D12) -> 9
A13: 12 - Contacto directo con la electricidad, recibir una descarga eléctrica | B13: 4 | C13: 0 | D13: 1 | E13: =SUM(B13:D13) -> 5
A14: 13 - Contacto con llamas directas u objetos o entornos con elevadas temperaturas | B14: 40 | C14: 4 | D14: 0 | E14: =SUM(B14:D14) -> 44
A15: 15 - Contacto con sustancias peligrosas - a través de la nariz, la boca, por inhalación | B15: 2 | C15: 0 | D15: 0 | E15: =SUM(B15:D15) -> 2
A16: 16 - Contacto con sustancias peligrosas - a través de la piel y de los ojos | B16: 53 | C16: 0 | D16: 0 | E16: =SUM(B16:D16) -> 53
A17: 19 - Otro Contacto conocido del grupo 1 no mencionado anteriormente | B17: 13 | C17: 0 | D17: 0 | E17: =SUM(B17:D17) -> 13
A18: 22 - Quedar sepultado bajo un sólido | B18: 1 | C18: 0 | D18: 0 | E18: =SUM(B18:D18) -> 1
A19: 31 - Golpe sobre o contra resultado de una caída del trabajador | B19: 469 | C19: 6 | D19: 0 | E19: =SUM(B19:D19) -> 475
A20: 32 - Golpe resultado de un tropiezo sobre o contra un objeto inmóvil | B20: 239 | C20: 0 | D20: 0 | E20: =SUM(B20:D20) -> 239
A21: 39 - Otro Contacto conocido del grupo 3 no mencionado anteriormente | B21: 50 | C21: 0 | D21: 0 | E21: =SUM(B21:D21) -> 50
A22: 41 - Choque o golpe contra un objeto o fragmentos ¿ proyectados | B22: 97 | C22: 1 | D22: 0 | E22: =SUM(B22:D22) -> 98
... A46: 99 - Otros Contacto no codificado en la presente clasificación | B46: 1 | C46: 0 | D46: 0 | E46: =SUM(B46:D46) -> 1
A49: Se incluyen los accidentes que han causado baja en el periodo de referencia, recepcionados por la Autoridad Laboral Provincial (véanse Fuentes y Notas Explicativas). | B49: 0 | C49: 0

Sheet ATR-A8_II
A1: ACCIDENTES DE TRABAJO | F1: Volver al índice
A3: ATR-A8_II. ACCIDENTES DE TRABAJO CON BAJA, IN ITINERE, SEGÚN GRAVEDAD,
A4: POR FORMA O CONTACTO QUE PRODUJO LA LESIÓN
A6: enero-agosto 2026
B8: Leves | C8: Graves | D8: Mortales | E8: TOTAL
A9: TOTAL | B9: =SUM(B11:B27) -> 272 | C9: =SUM(C11:C27) -> 6 | D9: =SUM(D11:D27) -> 0 | E9: =SUM(E11:E27) -> 278
A11: 31 - Golpe sobre o contra resultado de una caída del trabajador | B11: 75 | C11: 0 | D11: 0 | E11: =SUM(B11:D11) -> 75
A12: 32 - Golpe resultado de un tropiezo sobre o contra un objeto inmóvil | B12: 16 | C12: 0 | D12: 0 | E12: =SUM(B12:D12) -> 16
A13: 39 - Otro Contacto conocido del grupo 3 no mencionado anteriormente | B13: 1 | C13: 0 | D13: 0 | E13: =SUM(B13:D13) -> 1
A14: 41 - Choque o golpe contra un objeto o fragmentos ¿ proyectados | B14: 3 | C14: 0 | D14: 0 | E14: =SUM(B14:D14) -> 3
A15: 42 - Choque o golpe contra un objeto ¿ que cae o se desprende | B15: 2 | C15: 0 | D15: 0 | E15: =SUM(B15:D15) -> 2
A16: 43 - Choque o golpe contra un objeto ¿ en balanceo o giro | B16: 2 | C16: 0 | D16: 0 | E16: =SUM(B16:D16) -> 2
A17: 44 - Choque o golpe contra un objeto, incluidos los vehículos ¿ trabajador inmóvil | B17: 71 | C17: 3 | D17: 0 | E17: =SUM(B17:D17) -> 74
A18: 45 - Colisión con un objeto, vehículo o persona ¿ trabajador en movimiento | B18: 78 | C18: 3 | D18: 0 | E18: =SUM(B18:D18) -> 81
A19: 52 - Contacto con un Agente material punzante ¿ clavo, herramienta afilada, etc. | B19: 1 | C19: 0 | D19: 0 | E19: =SUM(B19:D19) -> 1
A20: 59 - Otro Contacto conocido del grupo 5 no mencionado anteriormente | B20: 1 | C20: 0 | D20: 0 | E20: =SUM(B20:D20) -> 1
A21: 61 - Quedar atrapado, ser aplastado ¿ en algo en movimiento | B21: 3 | C21: 0 | D21: 0 | E21: =SUM(B21:D21) -> 3
A22: 62 - Quedar atrapado, ser aplastado ¿ bajo algo en movimiento | B22: 1 | C22: 0 | D22: 0 | E22: =SUM(B22:D22) -> 1
... A24: 71 - Sobreesfuerzo físico - sobre el sistema musculoesquelético | B24: 16 | C24: 0 | D24: 0 | E24: =SUM(B24:D24) -> 16
A28: Se incluyen los accidentes que han causado baja en el periodo de referencia, recepcionados por la Autoridad Laboral Provincial (véanse Fuentes y Notas Explicativas). | B28: 0 | C28: 0

Sheet ATR-A9
A1: ACCIDENTES DE TRABAJO | F1: Volver al índice
A3: ATR-A9. ACCIDENTES DE TRABAJO CON BAJA, EN JORNADA, SEGÚN GRAVEDAD,
A4: POR DESCRIPCIÓN DE LA LESIÓN
A6: enero-agosto 2026
B7: EN JORNADA
B8: Leves | C8: Graves | D8: Mortales | E8: TOTAL
A9: TOTAL | B9: =SUM(B11:B39) -> 2890 | C9: =SUM(C11:C39) -> 30 | D9: =SUM(D11:D39) -> 3 | E9: =SUM(E11:E39) -> 2923
A11: 000 - Lesión desconocida | B11: 6 | C11: 0 | D11: 0 | E11: =SUM(B11:D11) -> 6
A12: 011 - Lesiones superficiales y cuerpos extraños en los ojos | B12: 350 | C12: 0 | D12: 0 | E12: =SUM(B12:D12) -> 350
A13: 012 - Heridas abiertas | B13: 412 | C13: 2 | D13: 0 | E13: =SUM(B13:D13) -> 414
A14: 019 - Otros tipos de heridas y lesiones superficiales | B14: 455 | C14: 3 | D14: 0 | E14: =SUM(B14:D14) -> 458
A15: 021 - Fracturas cerradas | B15: 122 | C15: 7 | D15: 0 | E15: =SUM(B15:D15) -> 129
A16: 022 - Fracturas abiertas | B16: 21 | C16: 1 | D16: 0 | E16: =SUM(B16:D16) -> 22
A17: 029 - Otras fracturas | B17: 18 | C17: 1 | D17: 0 | E17: =SUM(B17:D17) -> 19
A18: 031 - Dislocaciones y subluxaciones | B18: 86 | C18: 0 | D18: 0 | E18: =SUM(B18:D18) -> 86
A19: 032 - Esguinces y torceduras | B19: 587 | C19: 0 | D19: 0 | E19: =SUM(B19:D19) -> 587
A20: 039 - Otros tipos de dislocaciones, esguinces y distensiones | B20: 403 | C20: 0 | D20: 0 | E20: =SUM(B20:D20) -> 403
A21: 040 - Amputaciones traumáticas, pérdidas de partes del cuerpo | B21: 9 | C21: 0 | D21: 0 | E21: =SUM(B21:D21) -> 9
A22: 051 - Conmoción y lesiones intracraneales | B22: 5 | C22: 1 | D22: 0 | E22: =SUM(B22:D22) -> 6
... A38: 999 - Otras lesiones especificadas no incluidas en otros apartados | B38: 27 | C38: 1 | D38: 0 | E38: =SUM(B38:D38) -> 28
A40: Se incluyen los accidentes que han causado baja en el periodo de referencia, recepcionados por la Autoridad Laboral Provincial (véanse Fuentes y Notas Explicativas). | B40: 0 | C40: 0

Sheet ATR-A9_II
A1: ACCIDENTES DE TRABAJO | F1: Volver al índice
A3: ATR-A9_II. ACCIDENTES DE TRABAJO CON BAJA, IN ITINERE, SEGÚN GRAVEDAD,
A4: POR DESCRIPCIÓN DE LA LESIÓN
A6: enero-agosto 2026
B8: Leves | C8: Graves | D8: Mortales | E8: TOTAL
A9: TOTAL | B9: =SUM(B11:B25) -> 272 | C9: =SUM(C11:C25) -> 6 | D9: =SUM(D11:D25) -> 0 | E9: =SUM(E11:E25) -> 278
A11: 000 - Lesión desconocida | B11: 1 | C11: 0 | D11: 0 | E11: =SUM(B11:D11) -> 1
A12: 011 - Lesiones superficiales y cuerpos extraños en los ojos | B12: 26 | C12: 0 | D12: 0 | E12: =SUM(B12:D12) -> 26
A13: 012 - Heridas abiertas | B13: 7 | C13: 0 | D13: 0 | E13: =SUM(B13:D13) -> 7
A14: 019 - Otros tipos de heridas y lesiones superficiales | B14: 32 | C14: 0 | D14: 0 | E14: =SUM(B14:D14) -> 32
A15: 021 - Fracturas cerradas | B15: 19 | C15: 4 | D15: 0 | E15: =SUM(B15:D15) -> 23
A16: 029 - Otras fracturas | B16: 3 | C16: 0 | D16: 0 | E16: =SUM(B16:D16) -> 3
A17: 031 - Dislocaciones y subluxaciones | B17: 5 | C17: 0 | D17: 0 | E17: =SUM(B17:D17) -> 5
A18: 032 - Esguinces y torceduras | B18: 64 | C18: 0 | D18: 0 | E18: =SUM(B18:D18) -> 64
A19: 039 - Otros tipos de dislocaciones, esguinces y distensiones | B19: 43 | C19: 0 | D19: 0 | E19: =SUM(B19:D19) -> 43
A20: 052 - Lesiones internas | B20: 22 | C20: 1 | D20: 0 | E20: =SUM(B20:D20) -> 23
A21: 059 - Otros tipos de conmoción y lesiones internas | B21: 4 | C21: 0 | D21: 0 | E21: =SUM(B21:D21) -> 4
A22: 120 - Lesiones múltiples | B22: 41 | C22: 1 | D22: 0 | E22: =SUM(B22:D22) -> 42
... A24: 999 - Otras lesiones especificadas no incluidas en otros apartados | B24: 4 | C24: 0 | D24: 0 | E24: =SUM(B24:D24) -> 4
A26: Se incluyen los accidentes que han causado baja en el periodo de referencia, recepcionados por la Autoridad Laboral Provincial (véanse Fuentes y Notas Explicativas). | B26: 0 | C26: 0

Sheet ATR-A10
A1: ACCIDENTES DE TRABAJO | F1: Volver al índice
A3: ATR-A10. ACCIDENTES DE TRABAJO CON BAJA, EN JORNADA, SEGÚN GRAVEDAD,
A4: POR PARTE DEL CUERPO LESIONADA
A6: enero-agosto 2026
B8: Leves | C8: Graves | D8: Mortales | E8: TOTAL
A9: TOTAL | B9: =SUM(B11:B42) -> 2890 | C9: =SUM(C11:C42) -> 30 | D9: =SUM(D11:D42) -> 3 | E9: =SUM(E11:E42) -> 2923
A11: 11 - Cabeza cerebro, nervios craneanos y vasos cerebrales | B11: 12 | C11: 2 | D11: 0 | E11: =SUM(B11:D11) -> 14
A12: 12 - Zona facial | B12: 34 | C12: 1 | D12: 0 | E12: =SUM(B12:D12) -> 35
A13: 13 - Ojo(s) | B13: 76 | C13: 2 | D13: 0 | E13: =SUM(B13:D13) -> 78
A14: 15 - Dientes | B14: 2 | C14: 0 | D14: 0 | E14: =SUM(B14:D14) -> 2
A15: 18 - Cabeza, múltiples partes afectadas | B15: 9 | C15: 1 | D15: 0 | E15: =SUM(B15:D15) -> 10
A16: 19 - Cabeza, otras partes no mencionadas anteriormente | B16: 23 | C16: 1 | D16: 0 | E16: =SUM(B16:D16) -> 24
A17: 21 - Cuello, incluida la columna y las vértebras cervicales | B17: 58 | C17: 0 | D17: 0 | E17: =SUM(B17:D17) -> 58
A18: 29 - Cuello, otras partes no mencionadas anteriomente | B18: 9 | C18: 0 | D18: 0 | E18: =SUM(B18:D18) -> 9
A19: 31 - Espalda, incluida la columna y las vértebras dorsolumbares | B19: 284 | C19: 1 | D19: 0 | E19: =SUM(B19:D19) -> 285
A20: 39 - Espalda, otras partes no mencionadas anteriomente | B20: 96 | C20: 0 | D20: 0 | E20: =SUM(B20:D20) -> 96
A21: 41 - Caja torácica, costillas, incluidos omoplatos y articulaciones acromioclaviculares | B21: 74 | C21: 1 | D21: 0 | E21: =SUM(B21:D21) -> 75
A22: 42 - Región torácica, incluidos sus órganos | B22: 10 | C22: 0 | D22: 2 | E22: =SUM(B22:D22) -> 12
... A42: 99 - Otras partes del cuerpo afectadas, no mencionadas anteriormente | B42: 1 | C42: 0 | D42: 0 | E42: =SUM(B42:D42) -> 1
A44: Se incluyen los accidentes que han causado baja en el periodo de referencia, recepcionados por la Autoridad Laboral Provincial (véanse Fuentes y Notas Explicativas). | B44: 0 | C44: 0

Sheet ATR-A10_II
A1: ACCIDENTES DE TRABAJO | F1: Volver al índice
A3: ATR-A10_II. ACCIDENTES DE TRABAJO CON BAJA, IN ITINERE, SEGÚN GRAVEDAD,
A4: POR PARTE DEL CUERPO LESIONADA
A6: enero-agosto 2026
B8: Leves | C8: Graves | D8: Mortales | E8: TOTAL
A9: TOTAL | B9: =SUM(B11:B32) -> 272 | C9: =SUM(C11:C32) -> 6 | D9: =SUM(D11:D32) -> 0 | E9: =SUM(E11:E32) -> 278
A11: 12 - Zona facial | B11: 4 | C11: 0 | D11: 0 | E11: =SUM(B11:D11) -> 4
A12: 19 - Cabeza, otras partes no mencionadas anteriormente | B12: 2 | C12: 0 | D12: 0 | E12: =SUM(B12:D12) -> 2
A13: 21 - Cuello, incluida la columna y las vértebras cervicales | B13: 40 | C13: 1 | D13: 0 | E13: =SUM(B13:D13) -> 41
A14: 29 - Cuello, otras partes no mencionadas anteriomente | B14: 8 | C14: 0 | D14: 0 | E14: =SUM(B14:D14) -> 8
A15: 31 - Espalda, incluida la columna y las vértebras dorsolumbares | B15: 16 | C15: 0 | D15: 0 | E15: =SUM(B15:D15) -> 16
A16: 39 - Espalda, otras partes no mencionadas anteriomente | B16: 5 | C16: 0 | D16: 0 | E16: =SUM(B16:D16) -> 5
A17: 41 - Caja torácica, costillas, incluidos omoplatos y articulaciones acromioclaviculares | B17: 8 | C17: 0 | D17: 0 | E17: =SUM(B17:D17) -> 8
A18: 48 - Tronco, múltiples partes afectadas | B18: 1 | C18: 0 | D18: 0 | E18: =SUM(B18:D18) -> 1
A19: 51 - Hombro y articulaciones del húmero | B19: 8 | C19: 0 | D19: 0 | E19: =SUM(B19:D19) -> 8
A20: 52 - Brazo, incluida la articulación del cúbito | B20: 8 | C20: 0 | D20: 0 | E20: =SUM(B20:D20) -> 8
A21: 53 - Mano | B21: 6 | C21: 0 | D21: 0 | E21: =SUM(B21:D21) -> 6
A22: 54 - Dedo(s) | B22: 1 | C22: 0 | D22: 0 | E22: =SUM(B22:D22) -> 1
... A32: 78 - Múltiples partes del cuerpo afectadas | B32: 72 | C32: 4 | D32: 0 | E32: =SUM(B32:D32) -> 76
A34: Se incluyen los accidentes que han causado baja en el periodo de referencia, recepcionados por la Autoridad Laboral Provincial (véanse Fuentes y Notas Explicativas). | B34: 0 | C34: 0

Sheet ATR-A11
A1: ACCIDENTES DE TRABAJO | F1: Volver al índice
A3: ATR-A11. ACCIDENTES DE TRABAJO CON BAJA, EN JORNADA, SEGÚN TIPO DE CONTRATO
A4: DEL ACCIDENTADO
A6: enero-agosto 2026
B8: Leves | C8: Graves | D8: Mortales | E8: TOTAL
A9: TOTAL | B9: =SUM(B11:B17) -> 2890 | C9: =SUM(C11:C17) -> 30 | D9: =SUM(D11:D17) -> 3 | E9: =SUM(E11:E17) -> 2923
A11: Contratos indefinidos a tiempo completo | B11: 1953 | C11: 18 | D11: 2 | E11: =SUM(B11:D11) -> 1973
A12: Contratos indefinidos a tiempo parcial | B12: 222 | C12: 1 | D12: 0 | E12: =SUM(B12:D12) -> 223
A13: Contratos indefinidos, fijo discontinuo | B13: 123 | C13: 2 | D13: 0 | E13: =SUM(B13:D13) -> 125
A14: Contratos temporales a tiempo completo | B14: 359 | C14: 4 | D14: 0 | E14: =SUM(B14:D14) -> 363
A15: Contratos temporales a tiempo parcial | B15: 80 | C15: 0 | D15: 0 | E15: =SUM(B15:D15) -> 80
A16: No consta | B16: 152 | C16: 5 | D16: 1 | E16: =SUM(B16:D16) -> 158
A17: Otras relaciones laborales | B17: 1 | C17: 0 | D17: 0 | E17: =SUM(B17:D17) -> 1
A19: Se incluyen los accidentes que han causado baja en el periodo de referencia, recepcionados por la Autoridad Laboral Provincial (véanse Fuentes y Notas Explicativas). | B19: 0 | C19: 0

Sheet ATR-A11_II
A1: ACCIDENTES DE TRABAJO | F1: Volver al índice
A3: ATR-A11. ACCIDENTES DE TRABAJO CON BAJA, IN ITINERE, SEGÚN TIPO DE CONTRATO
A4: DEL ACCIDENTADO
A6: enero-agosto 2026
B8: Leves | C8: Graves | D8: Mortales | E8: TOTAL
A9: TOTAL | B9: =SUM(B11:B17) -> 272 | C9: =SUM(C11:C17) -> 6 | D9: =SUM(D11:D17) -> 0 | E9: =SUM(E11:E17) -> 278
A11: Contratos indefinidos a tiempo completo | B11: 163 | C11: 3 | D11: 0 | E11: =SUM(B11:D11) -> 166
A12: Contratos indefinidos a tiempo parcial | B12: 28 | C12: 2 | D12: 0 | E12: =SUM(B12:D12) -> 30
A13: Contratos indefinidos, fijo discontinuo | B13: 10 | C13: 0 | D13: 0 | E13: =SUM(B13:D13) -> 10
A14: Contratos temporales a tiempo completo | B14: 52 | C14: 1 | D14: 0 | E14: =SUM(B14:D14) -> 53
A15: Contratos temporales a tiempo parcial | B15: 13 | C15: 0 | D15: 0 | E15: =SUM(B15:D15) -> 13
A16: No consta | B16: 5 | C16: 0 | D16: 0 | E16: =SUM(B16:D16) -> 5
A17: Otras relaciones laborales | B17: 1 | C17: 0 | D17: 0 | E17: =SUM(B17:D17) -> 1
A19: Se incluyen los accidentes que han causado baja en el periodo de referencia, recepcionados por la Autoridad Laboral Provincial (véanse Fuentes y Notas Explicativas). | B19: 0 | C19: 0

Sheet ATR-A12
A1: ACCIDENTES DE TRABAJO | F1: Volver al índice
A3: ATR-A12. ACCIDENTES DE TRABAJO CON BAJA, EN JORNADA, SEGÚN ANTIGÜEDAD
A4: DEL ACCIDENTADO EN LA EMPRESA
A6: enero-agosto 2026
B8: Leves | C8: Graves | D8: Mortales | E8: TOTAL
A9: TOTAL | B9: =SUM(B11:B21) -> 2890 | C9: =SUM(C11:C21) -> 30 | D9: =SUM(D11:D21) -> 3 | E9: =SUM(B9:D9) -> 2923
A11: 01.- Menos de 1 mes | B11: 247 | C11: 1 | D11: 0 | E11: =SUM(B11:D11) -> 248
A12: 02.- De 1 a 3 meses | B12: 327 | C12: 4 | D12: 0 | E12: =SUM(B12:D12) -> 331
A13: 03.- De 4 a 6 meses | B13: 216 | C13: 5 | D13: 0 | E13: =SUM(B13:D13) -> 221
A14: 04.- De 7 a 12 meses | B14: 289 | C14: 1 | D14: 2 | E14: =SUM(B14:D14) -> 292
A15: 05.- De 13 meses a 2 años | B15: 321 | C15: 4 | D15: 0 | E15: =SUM(B15:D15) -> 325
A16: 06.- De 2 a 5 años | B16: 576 | C16: 2 | D16: 0 | E16: =SUM(B16:D16) -> 578
A17: 07.- De 5 a 10 años | B17: 370 | C17: 3 | D17: 0 | E17: =SUM(B17:D17) -> 373
A18: 08.- De 10 a 15 años | B18: 176 | C18: 3 | D18: 1 | E18: =SUM(B18:D18) -> 180
A19: 09.- De 15 a 20 años | B19: 138 | C19: 3 | D19: 0 | E19: =SUM(B19:D19) -> 141
A20: 10.- De 20 a 25 años | B20: 114 | C20: 2 | D20: 0 | E20: =SUM(B20:D20) -> 116
A21: 11.- más de 25 años | B21: 116 | C21: 2 | D21: 0 | E21: =SUM(B21:D21) -> 118
A23: Se incluyen los accidentes que han causado baja en el periodo de referencia, recepcionados por la Autoridad Laboral Provincial (véanse Fuentes y Notas Explicativas). | B23: 0 | C23: 0

Sheet ATR-A12_II
A1: ACCIDENTES DE TRABAJO | F1: Volver al índice
A3: ATR-A12. ACCIDENTES DE TRABAJO CON BAJA, IN ITINERE, SEGÚN ANTIGÜEDAD
A4: DEL ACCIDENTADO EN LA EMPRESA
A6: enero-agosto 2026
B8: Leves | C8: Graves | D8: Mortales | E8: TOTAL
A9: TOTAL | B9: =SUM(B11:B21) -> 272 | C9: =SUM(C11:C21) -> 6 | D9: =SUM(D11:D21) -> 0 | E9: =SUM(E11:E21) -> 278
A11: 01.- Menos de 1 mes | B11: 24 | C11: 0 | D11: 0 | E11: =SUM(B11:D11) -> 24
A12: 02.- De 1 a 3 meses | B12: 29 | C12: 1 | D12: 0 | E12: =SUM(B12:D12) -> 30
A13: 03.- De 4 a 6 meses | B13: 41 | C13: 0 | D13: 0 | E13: =SUM(B13:D13) -> 41
A14: 04.- De 7 a 12 meses | B14: 25 | C14: 2 | D14: 0 | E14: =SUM(B14:D14) -> 27
A15: 05.- De 13 meses a 2 años | B15: 30 | C15: 1 | D15: 0 | E15: =SUM(B15:D15) -> 31
A16: 06.- De 2 a 5 años | B16: 58 | C16: 0 | D16: 0 | E16: =SUM(B16:D16) -> 58
A17: 07.- De 5 a 10 años | B17: 25 | C17: 1 | D17: 0 | E17: =SUM(B17:D17) -> 26
A18: 08.- De 10 a 15 años | B18: 9 | C18: 0 | D18: 0 | E18: =SUM(B18:D18) -> 9
A19: 09.- De 15 a 20 años | B19: 14 | C19: 0 | D19: 0 | E19: =SUM(B19:D19) -> 14
A20: 10.- De 20 a 25 años | B20: 7 | C20: 0 | D20: 0 | E20: =SUM(B20:D20) -> 7
A21: 11.- más de 25 años | B21: 10 | C21: 1 | D21: 0 | E21: =SUM(B21:D21) -> 11
A23: Se incluyen los accidentes que han causado baja en el periodo de referencia, recepcionados por la Autoridad Laboral Provincial (véanse Fuentes y Notas Explicativas). | B23: 0 | C23: 0

Sheet ATR-A13
A1: ACCIDENTES DE TRABAJO | F1: Volver al índice
A3: ATR-A13. ACCIDENTES DE TRABAJO CON BAJA, EN JORNADA, SEGÚN RELACIÓN LABORAL
A4: DEL ACCIDENTADO
A6: enero-agosto 2026
B8: Leves | C8: Graves | D8: Mortales | E8: TOTAL
A9: TOTAL | B9: =SUM(B11:B16) -> 2890 | C9: =SUM(C11:C35) -> 30 | D9: =SUM(D11:D35) -> 3 | E9: =SUM(B9:D9) -> 2923
A11: Asalariado sector privado | B11: 2561 | C11: 24 | D11: 2 | E11: =SUM(B11:D11) -> 2587
A12: Asalariado sector público | B12: 177 | C12: 1 | D12: 0 | E12: =SUM(B12:D12) -> 178
A13: Autónomo con Asalariados | B13: 33 | C13: 1 | D13: 0 | E13: =SUM(B13:D13) -> 34
A14: Autónomo sin Asalariados | B14: 107 | C14: 3 | D14: 1 | E14: =SUM(B14:D14) -> 111
A15: Autónomo socio de cooperativa | B15: 10 | D15: 0 | E15: =SUM(B15:D15) -> 10
A16: Autónomo trabajador familiar (colaborador) | B16: 2 | C16: 1 | D16: 0 | E16: =SUM(B16:D16) -> 3
A18: Se incluyen los accidentes que han causado baja en el periodo de referencia, recepcionados por la Autoridad Laboral Provincial (véanse Fuentes y Notas Explicativas). | B18: 0 | C18: 0

Sheet ATR-A13_II
A1: ACCIDENTES DE TRABAJO | F1: Volver al índice
A3: ATR-A13. ACCIDENTES DE TRABAJO CON BAJA, IN ITINERE, SEGÚN RELACIÓN LABORAL
A4: DEL ACCIDENTADO
A6: enero-agosto 2026
B8: Leves | C8: Graves | D8: Mortales | E8: TOTAL
A9: TOTAL | B9: =SUM(B11:B34) -> 272 | C9: =SUM(C11:C34) -> 6 | D9: =SUM(D11:D34) -> 0 | E9: =SUM(E11:E34) -> 278
A11: Asalariado sector privado | B11: 220 | C11: 6 | D11: 0 | E11: =SUM(B11:D11) -> 226
A12: Asalariado sector público | B12: 47 | C12: 0 | D12: 0 | E12: =SUM(B12:D12) -> 47
A13: Autónomo con Asalariados | B13: 2 | C13: 0 | D13: 0 | E13: =SUM(B13:D13) -> 2
A14: Autónomo sin Asalariados | B14: 3 | C14: 0 | D14: 0 | E14: =SUM(B14:D14) -> 3
A16: Se incluyen los accidentes que han causado baja en el periodo de referencia, recepcionados por la Autoridad Laboral Provincial (véanse Fuentes y Notas Explicativas). | B16: 0 | C16: 0

Sheet NOVEDADES
A1: ACCIDENTES DE TRABAJO
A3: NOVEDADES IMPORTANTES EN LOS AVANCES DEL AÑO 2021
A5: A partir del Avance enero 2021 se introduce una novedad importante en relación con los datos por actividad económica. Se deja de considerar el criterio que se venía utilizando históricamente (actividad económica del centro de trabajo donde ha ocurrido el accidente) y se pasa a considerar la actividad económica del centro de trabajo en el que el trabajador está dado de alta en la Seguridad Social. La adopción de este criterio alinea a la estadística española con el estándar europeo. Además, el cálculo de índices de incidencia por actividad económica queda así definido de una manera consistente.

Sheet TAS
A1: Tabla - 1: TIPO DE LUGAR
A2: 000 | B2: Ninguna información
A3: 010 | B3: Zonas industriales - Sin especificar
A4: 011 | B4: Lugar de producción, taller, fábrica
A5: 012 | B5: Área de mantenimiento, taller de reparación
A6: 013 | B6: Áreas destinadas principalmente a almacenamiento, carga, descarga
A7: 019 | B7: Otros Tipos de lugar conocidos del grupo 010, pero no mencionados anteriormente
A8: 020 | B8: Obras, construcción, cantera, mina a cielo abierto - Sin especificar
A9: 021 | B9: Obras - edificio en construcción
A10: 022 | B10: Obras - edificio en demolición, renovación o mantenimiento
A11: 023 | B11: Cantera, mina a cielo abierto, excavación, zanja (incluidas las minas a cielo abierto y la canteras en explotación)
A12: 024 | B12: Obras subterráneas
A13: 025 | B13: Obras en el agua
... A50: 099 | B50: Otros Tipos de lugar conocidos del grupo 090, con excepción de las obras, pero no mencionados anteriormente
A51: 100 | B51: Subterráneos - con excepción de las obras - Sin especificar
A52: 101 | B52: Subterráneos - túneles (carretera, tren, metro, etc.)
A53: 102 | B53: Subterráneos - minas
A54: 103 | B54: Subterráneos - alcantarillas
A55: 109 | B55: Otros Tipos de lugar conocidos del grupo 100, con excepción de las obras, no mencionados anteriormente
A56: 110 | B56: En el agua - con excepción de las obras - Sin especificar
A57: 111 | B57: Mares u océanos - a bordo de todo tipo de navíos, plataformas, buques, barcos, barcazas
A58: 112 | B58: Lagos, ríos, puertos - a bordo de todo tipo de navíos, plataformas, buques, barcos, barcazas
A59: 119 | B59: Otros Tipos de lugar conocidos del grupo 110, con excepción de las obras, pero no mencionados anteriormente
A60: 120 | B60: En medio hiperbárico - con excepción de las obras - Sin especif.
A61: 121 | B61: En medio hiperbárico - bajo el agua (inmersiones, etc.)
A62: 122 | B62: En medio hiperbárico - cámara hiperbárica
... A64: 999 | B64: Otros Tipos de lugar no codificados en esta clasificación
A65: Tabla - 2: TIPO DE TRABAJO
A66: 000 | B66: Ninguna información
A67: 010 | B67: Tareas de producción, transformación, tratamiento, almacenamiento -de todo tipo - Sin especificar
A68: 011 | B68: Producción, transformación, tratamiento - de todo tipo
A69: 012 | B69: Almacenamiento - de todo tipo
A70: 019 | B70: Otros Tipos de trabajo conocidos del grupo 10 pero no mencionados anteriormente
A71: 020 | B71: Labores de movimientos de tierras, construcción, mantenimiento, demolición - Sin especificar
A72: 021 | B72: Movimiento de tierras
A73: 022 | B73: Nueva construcción - edificios
A74: 023 | B74: Nueva construcción - obras de fábrica, infraestructura, carreteras, puentes, presas, puertos
A75: 024 | B75: Renovación, reparación, agregación, mantenimiento - de todo tipo de construcciones
A76: 025 | B76: Demolición de todo tipo de construcciones
A77: 029 | B77: Otros Tipos de trabajo conocidos del grupo 20 pero no mencionados anteriormente
... A101: 099 | B101: Otros Tipos de trabajo no codificados en esta clasificación
A102: Tabla - 3: ACTIVIDAD FÍSICA ESPECÍFICA
A103: 000 | B103: Ninguna información
A104: 010 | B104: Operaciones con máquinas - Sin especificar
A105: 011 | B105: Arrancar la máquina, parar la máquina
A106: 012 | B106: Alimentar la máquina, vaciar la máquina
A107: 013 | B107: Vigilar la máquina, hacer funcionar - conducir la máquina
A108: 019 | B108: Otra actividad física específica conocida del grupo 10 pero no mencionada anteriormente
A109: 020 | B109: Trabajos con herramientas manuales - Sin especificar
A110: 021 | B110: Trabajar con herramientas manuales sin motor
A111: 022 | B111: Trabajar con herramientas manuales con motor
A112: 029 | B112: Otra actividad física específica conocida del grupo 20 pero no mencionada anteriormente
A113: 030 | B113: Conducir/estar a bordo de un medio de transporte - equipo de carga - Sin especificar
A114: 031 | B114: Conducir un medio de transporte o un equipo de carga - móvil y con motor
... A142: 099 | B142: Otra actividad física específica no codificada en esta clasificac.
A143: Tabla - 4: DESVIACIÓN
A144: 000 | B144: Ninguna información
A145: 010 | B145: Desviación por problema eléctrico, explosión, fuego - Sin especificar
A146: 011 | B146: Problema eléctrico causado por fallo en la instalación - que da lugar a un contacto indirecto
A147: 012 | B147: Problema eléctrico - que da lugar a un contacto directo
A148: 013 | B148: Explosión
A149: 014 | B149: Incendio, fuego
A150: 019 | B150: Otra desviación conocida del grupo 10 pero no mencionada anteriormente
A151: 020 | B151: Desviación por desbordamiento, vuelco, escape, derrame, vaporización, emanación - Sin especificar
A152: 021 | B152: En estado de sólido - desbordamiento, vuelco
A153: 022 | B153: En estado líquido - escape, rezumamiento, derrame, salpicadura, aspersión
A154: 023 | B154: En estado gaseoso - vaporización, formación de aerosoles, formación de gases
A155: 024 | B155: Pulverulento - emanación de humos, emisión de polvo, partículas
... A195: 099 | B195: Otra Desviación no codificada en esta clasificación.
A196: Tabla- 5: FORMA CONTACTO
A197: 000 | B197: Ninguna información
A198: 010 | B198: Contacto con corriente eléctrica, fuego, temperatura o sustancias peligrosas - Sin especificar
A199: 011 | B199: Contacto indirecto con un arco eléctrico, rayo (pasivo)
A200: 012 | B200: Contacto directo con la electricidad, recibir una descarga eléctrica en el cuerpo
A201: 013 | B201: Contacto con llamas directas u objetos o entornos - con elevada temperatura o en llamas
A202: 014 | B202: Contacto con objeto o entorno - frío o helado
A203: 015 | B203: Contacto con sustancias peligrosas - a través de la nariz, la boca, por inhalación
A204: 016 | B204: Contacto con sustancias peligrosas - sobre o a través de la piel y de los ojos
A205: 017 | B205: Contacto con sustancias peligrosas - a través del sistema digestivo: tragando o comiendo
A206: 019 | B206: Otro contacto - Tipo de lesión conocido del grupo 10 pero no mencionado anteriormente
A207: 020 | B207: Ahogamiento, quedar sepultado, quedar envuelto - Sin especificar
A208: 021 | B208: Ahogamiento en un líquido
... A246: 099 | B246: Otro contacto - Tipo de lesión no codificado en la presente clasificación
A247: Tabla - 6: PARTE DEL CUERPO LESIONADA
A248: 000 | B248: Parte del cuerpo afectada, sin especificar
A249: 010 | B249: Cabeza, no descrita con más detalle
A250: 011 | B250: Cabeza (Caput), cerebro, nervios craneanos y vasos cerebrales
A251: 012 | B251: Zona facial
A252: 013 | B252: Ojo(s)
A253: 014 | B253: Oreja(s)
A254: 015 | B254: Dientes
A255: 018 | B255: Cabeza, múltiples partes afectadas
A256: 019 | B256: Cabeza, otras partes no mencionadas anteriormente
A257: 020 | B257: Cuello, incluida la columna y las vértebras cervicales
A258: 021 | B258: Cuello, incluida la columna y las vértebras del cuello
A259: 029 | B259: Cuello, otras partes no mencionadas anteriormente
... A288: 099 | B288: Otras partes del cuerpo no mencionadas anteriormente
A289: Tabla - 7: DESCRIPCIÓN DE LA LESIÓN
A290: 0 | B290: Tipo de lesión desconocida o sin especificar | C290: 0 | E290: 000-Tipo de lesión desconocida o sin especificar | F290: 0 | G290: 16 | H290: 0 | I290: 0 | M290: 0
A291: 010 | B291: Heridas y lesiones superficiales | E291: 010-Heridas y lesiones superficiales | F291: 11 | G291: 452 | H291: 1 | I291: 0 | M291: 0
...

Sheet CNO11
A1: 1 | B1: Directores y gerentes
A2: A | B2: Directores y gerentes
A3: 11 | B3: Miembros del poder ejecutivo y de los cuerpos legislativos; directivos de la Administración Pública y organizaciones de interés social; directores ejecutivos
A4: 111 | B4: Miembros del poder ejecutivo y de los cuerpos legislativos; directivos de la Administración Pública y organizaciones de interés social
A5: 1111 | B5: Miembros del poder ejecutivo (nacional, autonómico y local) y del poder legislativo
A6: 1112 | B6: Personal directivo de la Administración Pública
A7: 1113 | B7: Directores de organizaciones de interés social
A8: 112 | B8: Directores generales y presidentes ejecutivos
A9: 1120 | B9: Directores generales y presidentes ejecutivos
A10: 12 | B10: Directores de departamentos administrativos y comerciales
A11: 121 | B11: Directores de departamentos administrativos
A12: 1211 | B12: Directores financieros
A13: 1212 | B13: Directores de recursos humanos
A14: 1219 | B14: Directores de políticas y planificación y de otros departamentos administrativos no clasificados bajo otros epígrafes
A15: 122 | B15: Directores comerciales, de publicidad, relaciones públicas y de investigación y desarrollo
A16: 1221 | B16: Directores comerciales y de ventas
A17: 1222 | B17: Directores de publicidad y relaciones públicas
A18: 1223 | B18: Directores de investigación y desarrollo
A19: 13 | B19: Directores de producción y operaciones
... A26: 1316 | B26: Directores de empresas de construcción
A27: 132 | B27: Directores de servicios de tecnologías de la información y las comunicaciones (TIC) y de empresas de servicios profesionales
A28: 1321 | B28: Directores de servicios de tecnologías de la información y las comunicaciones (TIC)
A29: 1322 | B29: Directores de servicios sociales para niños
A30: 1323 | B30: Directores-gerentes de centros sanitarios
A31: 1324 | B31: Directores de servicios sociales para personas juniores
A32: 1325 | B32: Directores de otros servicios sociales
A33: 1326 | B33: Directores de servicios de educación
A34: 1327 | B34: Directores de sucursales de bancos, de servicios financieros y de seguros
A35: 1329 | B35: Directores de otras empresas de servicios profesionales no clasificados bajo otros epígrafes
A36: 14 | B36: Directores y gerentes de empresas de alojamiento, restauración y comercio
A37: 141 | B37: Directores y gerentes de empresas de alojamiento
A38: 1411 | B38: Directores y gerentes de hoteles
A39: 1419 | B39: Directores y gerentes de otras empresas de servicios de alojamiento
... A42: 1422 | B42: Directores y gerentes de bares, cafeterías y similares
A43: 1429 | B43: Directores y gerentes de empresas de catering y otras empresas de restauración
A44: 143 | B44: Directores y gerentes de empresas de comercio al por junior y al por menor
A45: 1431 | B45: Directores y gerentes de empresas de comercio al por junior
A46: 1432 | B46: Directores y gerentes de empresas de comercio al por menor
A47: 15 | B47: Directores y gerentes de otras empresas de servicios no clasificados bajo otros epígrafes
A48: 150 | B48: Directores y gerentes de otras empresas de servicios no clasificados bajo otros epígrafes
A49: 1501 | B49: Directores y gerentes de empresas de actividades recreativas, culturales y deportivas
A50: 1509 | B50: Directores y gerentes de empresas de gestión de residuos y de otras empresas de servicios no clasificados bajo otros epígrafes
A51: 2 | B51: Técnicos y profesionales científicos e intelectuales
A52: B | B52: Técnicos y profesionales científicos e intelectuales de la salud y la enseñanza
A53: 21 | B53: Profesionales de la salud
A54: 211 | B54: Médicos
A55: 2111 | B55: Médicos de familia
A56: 2112 | B56: Otros médicos especialistas
A57: 212 | B57: Profesionales de enfermería y partería
A58: 2121 | B58: Enfermeros no especializados
A59: 2122 | B59: Enfermeros especializados (excepto matronos)
A60: 2123 | B60: Matronos
A61: 213 | B61: Veterinarios
A62: 2130 | B62: Veterinarios
A63: 214 | B63: Farmacéuticos
A64: 2140 | B64: Farmacéuticos
A65: 215 | B65: Otros profesionales de la salud
A66: 2151 | B66: Odontólogos y estomatólogos
A67: 2152 | B67: Fisioterapeutas
A68: 2153 | B68: Dietistas y nutricionistas
A69: 2154 | B69: Logopedas
A70: 2155 | B70: Ópticos-optometristas
A71: 2156 | B71: Terapeutas ocupacionales
A72: 2157 | B72: Podólogos
... A74: 2159 | B74: Profesionales de la salud no clasificados bajo otros epígrafes
A75: 22 | B75: Profesionales de la enseñanza infantil, primaria, secundaria y postsecundaria
A76: 221 | B76: Profesores de universidades y otra enseñanza superior (excepto formación profesional)
A77: 2210 | B77: Profesores de universidades y otra enseñanza superior (excepto formación profesional)
A78: 222 | B78: Profesores de formación profesional (materias específicas)
A79: 2220 | B79: Profesores de formación profesional (materias específicas)
A80: 223 | B80: Profesores de enseñanza secundaria (excepto materias específicas de formación profesional)
A81: 2230 | B81: Profesores de enseñanza secundaria (excepto materias específicas de formación profesional)
A82: 224 | B82: Profesores de enseñanza primaria
A83: 2240 | B83: Profesores de enseñanza primaria
A84: 225 | B84: Maestros y educadores de enseñanza infantil
A85: 2251 | B85: Maestros de educación infantil
A86: 2252 | B86: Técnicos en educación infantil
A87: 23 | B87: Otros profesionales de la enseñanza
A88: 231 | B88: Profesores y técnicos de educación especial
A89: 2311 | B89: Profesores de educación especial
... A99: C | B99: Otros técnicos y profesionales científicos e intelectuales
A100: 24 | B100: Profesionales de la ciencias físicas, químicas, matemáticas y de las ingenierías
A101: 241 | B101: Físicos, químicos, matemáticos y afines
A102: 2411 | B102: Físicos y astrónomos
A103: 2412 | B103: Meteorólogos
A104: 2413 | B104: Químicos
A105: 2414 | B105: Geólogos y geofísicos
A106: 2415 | B106: Matemáticos y actuarios
A107: 2416 | B107: Estadísticos
A108: 242 | B108: Profesionales en ciencias naturales
A109: 2421 | B109: Biólogos, botánicos, zoólogos y afines
A110: 2422 | B110: Ingenieros agrónomos
A111: 2423 | B111: Ingenieros de montes
... A217: 2939 | B217: Artistas creativos e interpretativos no clasificados bajo otros epígrafes
A218: 3 | B218: Técnicos; profesionales de apoyo
A219: D | B219: Técnicos; profesionales de apoyo
A220: 31 | B220: Técnicos de las ciencias y de las ingenierías
A221: 311 | B221: Delineantes y dibujantes técnicos
A222: 3110 | B222: Delineantes y dibujantes técnicos
A223: 312 | B223: Técnicos de las ciencias físicas, químicas, medioambientales y de las ingenierías
...

Sheet ATR-FN
A1: ACCIDENTES DE TRABAJO
A3: FUENTES Y NOTAS EXPLICATIVAS
A5: Fuentes de información:
A6: La información de accidentes de trabajo procede de la explotación mensual que efectúa el Servicio de Salud Laboral de los partes de accidentes de trabajo notificados a través del sistema Delt@ en nuestra comunidad autónoma.
A7: Los datos que se ofrecen son provisionales de avance de los datos que se incluirán en la publicación anual "Análisis de la siniestralidad laboral en La Rioja" que se incorporarán en su día a la página web https://www.larioja.org/salud-laboral/es/estadisticas-siniestralidad-observatorio-at-ep/publicaciones-siniestralidad-laboral
A8: Notas generales:
A9: Para los casos de accidentes de trabajo con baja, se contabilizan los casos de accidentes cuya fecha de baja está comprendida dentro del periodo de referencia. Se excluyen aquellas notificaciones de accidente que tienen la consideración de recaídas, que se tratan siempre por separado. Los datos sobre recaídas se incluyen únicamente en las publicaciones anuales de datos definitivos.
A10: Según el lugar de ocurrencia de los accidentes de trabajo, éstos pueden tener lugar durante la jornada laboral (ya sea en el propio centro donde el trabajador está afiliado a la Seguridad Social, en otro centro de trabajo o en desplazamiento) o al ir o volver del trabajo (accidentes in itinere).
A11: Según el dictamen facultativo, que figura en el parte médico de baja, los accidentes se clasifican según su gravedad en leves, graves (incluidos los muy graves) y mortales.
A12: Se consideran accidentes mortales todos los fallecimientos a consecuencia del accidente de trabajo en el plazo de un año desde la fecha del accidente, independientemente de la gravedad inicial.
A13: Las tablas de la presente publicación se dividen en los siguientes apartados:
B14: - CUADROS RESUMEN Principales datos y comparativa con los resultados obtenidos en el mismo periodo del año anterior. - ACCIDENTES DE TRABAJO CON BAJA, EN JORNADA E IN ITINERE, SEGÚN GRAVEDAD Tablas de datos desglosados por las principales variables: comunidad autónoma y provincia (para total, asalariados y trabajadores por cuenta propia); sector, sección y división de actividad económica (para total, asalariados y trabajadores por cuenta propia); sexo y edad de la víctima; grandes grupos de ocupación; tipo de lugar donde se encontraba el trabajador accidentado; actividad física específica que realizaba la víctima; desviación que desencadenó el accidente; forma o contacto que produjo la lesión; descripción de la lesión y parte del cuerpo lesionada. - ACCIDENTES DE TRABAJO CON BAJA, SEGÚN SECCIÓN DE ACTIVIDAD ECONÓMICA Tablas de datos de totales de accidentes en jornada cruzando las variables sección de actividad económica y provincia. - ÍNDICES DE INCIDENCIA DE ACCIDENTES DE TRABAJO EN JORNADA Índices de incidencia por comunidad autónoma y provincia, sector y sección de actividad económica (para total, asalariados y trabajadores por cuenta propia).
A16: Notas a distintos cuadros:
A17: ATR-R1, ATR-R2, ATR-I1, ATR-I2 y ATR-I3 (cálculo de índices de incidencia): Para el cálculo de los índices de incidencia se utiliza la siguiente fórmula:
A19: atr = Son los accidentes de trabajo ocurridos durante el periodo de referencia dividido entre el número de meses del periodo de referencia afi = Es la suma de trabajadores afiliados a la Seguridad Social con la contingencia de accidentes de trabajo específicamente cubierta, calculada con los datos de afiliación a ultimo día del mes para el periodo de referencia, dividido entre el número de meses del periodo de referencia.
A20: Para el periodo enero-diciembre no se ofrece el índice de incidencia mensual sino el índice de incidencia anual. En este caso el numerador es el número de accidentes de trabajo ocurridos durante el año, siendo el denominador la suma de los datos de afiliación a último día del mes de enero a diciembre, dividiéndose esta suma entre 12.
A21: Los trabajadores afiliados a la Seguridad Social con la contingencia de accidente de trabajo específicamente cubierta pertenecen a los siguientes regímenes de la Seguridad Social:
B22: - Régimen General de la Seguridad Social (cobertura obligatoria), incluidos los trabajadores en periodos de actividad del Sistema Especial para Trabajadores por Cuenta Ajena Agrarios y los trabajadores del Sistema Especial para Empleados de Hogar. No se contabilizan: los afiliados en periodos de inactividad del Sistema Especial para Trabajadores por Cuenta Ajena Agrarios; los funcionarios afiliados al Régimen General de la Seguridad Social afectados por la disposición adicional tercera del texto refundido de la Ley General de la Seguridad Social aprobado por el Real Decreto Legislativo 8/2015, de 30 de noviembre, debido a que la cobertura de la incapacidad temporal por contingencias profesionales de este colectivo corresponde a las mutualidades de funcionarios (MUFACE, ISFAS y MUGEJU); y los cuidadores no profesionales de personas en situación de dependencia. - Régimen Especial de la Minería del Carbón (cobertura obligatoria). - Régimen Especial de Trabajadores del Mar (cobertura obligatoria). - Régimen Especial de Trabajadores Autónomos (RETA) (cobertura obligatoria salvo excepciones): Desde el año 2019, la cobertura es obligatoria con carácter general en este régimen. No obstante, permanecen excepciones donde la cobertura siguen siendo voluntaria, que son los trabajadores incluidos en el Sistema Especial para Trabajadores por Cuenta Propia Agrarios (SETA) y los religiosos de la Iglesia Católica cuya afiliación a la Seguridad Social corresponda en el RETA.
A23: ATR-A5, ATR-A6, ATR-A7, ATR-A8, ATR-A9 y ATR-A10 (causas y circunstancias de los accidentes): Estos cuadros clasifican la información según las variables sobre causas y circunstancias que ocurrieron en el accidente de trabajo. La inclusión de estas variables de causas y circunstancias responde, por una parte, a la necesidad de conocer cómo se producen los accidentes y, por otra, a las necesidades de armonización de las estadísticas en el ámbito de la Unión Europea establecidas por la Oficina Estadística de la UE (EUROSTAT) y a las recomendaciones de la OIT. Los códigos utilizados son los establecidos por dicha Oficina. Estas variables son las siguientes:
B24: - Tipo de lugar (ATR-A5): Entorno general o del local de trabajo en el que se encontraba el trabajador inmediatamente antes de producirse el accidente. - Actividad física específica (ATR-A6): Actividad concreta que realizaba la víctima inmediatamente antes de producirse el accidente. Por ejemplo, desplazamiento por la obra, manipular un objeto, etc. - Desviación (ATR-A7): Suceso o hecho anormal que ha interferido negativamente en el proceso normal de ejecución del trabajo y que ha dado lugar a que se produzca el accidente. Por ejemplo, desprendimiento o caída de objetos, bloqueo de una máquina, caída de herramienta manual de corte, etc. - Forma o contacto que ocasionó la lesión (ATR-A8): Modo en que el trabajador ha resultado lesionado. Por ejemplo, caídas, contacto con herramienta manual cortante, etc. Se han incluido los accidentes de tráfico como un epígrafe más de la clasificación, dadas las especiales características de estos accidentes. - Descripción de la lesión (ATR-A9): Tipo de lesión sufrida por el accidentado, según conste en el parte médico de baja. - Parte del cuerpo lesionada (ATR-A10): Parte del cuerpo afectada por la lesión sufrida por la víctima.
A26: Clasificaciones estadísticas de actividad económica y ocupación utilizadas:
B27: - CLASIFICACIÓN NACIONAL DE ACTIVIDADES ECONÓMICAS (CNAE-2009): Vigente desde 1 de enero de 2009, según establece el Real Decreto 475/2007, de 13 de abril. - CLASIFICACIÓN NACIONAL DE OCUPACIONES (CNO-2011): Vigente desde 1 de enero de 2011, según establece el Real Decreto 1591/2010, de 26 de noviembre.
B28: Puede obtener información acerca de estas clasificaciones en la página web del Instituto Nacional de Estadística (www.ine.es)
